Workbook

Sheet ИБР 2020 
C1: Расчет индекса бюджетных расходов (ИБР) на 2020 год
A3: № п/п | B3: Муниципальные районы городские округа | C3: Численность населения на 01.01.2019 Пj | D3: Коэффициент масштаба, Км | E3: SUMj(ПijxKnij) | F3: ИБР омсу | G3: Дети в возрасте от 1-6 лет | H3: Коэффициент дисперсности расселения, Кдисп | I3: Коэффициент стоимости предоставления коммунальных услуг, Кку | J3: Коэффициент уровня урбанизации, Курб | K3: SUMj(ПijxKnij) | L3: ИБРдоу | M3: Дети в возрасте от 7 до 17 лет | N3: Коэффициент дисперсности расселения, Кдисп | O3: Коэффициент стоимости предоставления коммунальных услуг, Кку | P3: Коэффициент уровня урбанизации, Курб | Q3: SUMj(ПijxKnij) | R3: ИБРобраз | S3: Коэффициент дисперсности расселения, Кдисп | T3: Коэффициент стоимости предоставления коммунальных услуг, Кку | U3: SUMj(ПijxKnij) | V3: ИБРкульт | W3: Коэффициент уровня урбанизации, Курб | X3: SUMj(ПijxKnij) | Y3: ИБРдор | Z3: Коэффициент уровня урбанизации, Курб | AA3: SUMj(ПijxKnij) | AB3: ИБР иные | AC3: Коэффициент благоустройства, Кблаг | AD3: SUMj(ПijxKnij) | AE3: ИБР благоустр | AF3: Доля вида расходов | AM3: Доля ИБР | AT3: ИБР SUM (аi х ИБРij)
AF4: ОМСУ (а1) | AG4: ДОУ (а2) | AH4: Образ (а3) | AI4: Культура (а4) | AJ4: Дорож деят (а5) | AK4: Благоустр (а6) | AL4: Иные (а7) | AM4: (а1 х ИБР омсу) | AN4: (а2 х ИБРдоу | AO4: (а3 х ИБРобраз | AP4: (а4 х ИБРкульт | AQ4: (а5 х ИБРдор | AR4: (а6 х ИБР благоустр | AS4: (а7 х ИБР иные
A5: 1 | B5: 2 | C5: 3 | D5: 4 | E5: 5=гр.3хгр.4 | F5: 6=(гр.5/SUMгр.5)/(гр.3/SUMгр.3) | G5: 7 | H5: 9 | I5: 10 | J5: 11 | K5: 12=гр.7*гр.8*гр.9*гр.10*гр.11 | L5: 13=(гр.12/SUMгр.12)/(гр.3/SUMгр.3) | M5: 14 | N5: 16 | O5: 17 | P5: 18 | Q5: 19=гр14*гр.15*гр.16*гр.17*гр.18 | R5: 20=(гр.19/SUMгр.19)/(гр.3/SUMгр.3) | S5: 21 | T5: 22 | U5: 23=гр.3*гр.21*гр.22 | V5: 24=(гр.23/SUMгр.23)/(гр.3/SUMгр.3) | W5: 25 | X5: 27=гр.3*гр.25 | Y5: 24=(гр.27/SUMгр.27)/(гр.3/SUMгр.3) | Z5: 29 | AA5: 30=гр.3*гр.29 | AB5: 31=(гр.30/SUMгр.30)/(гр.3/SUMгр.3) | AC5: 32 | AD5: 33 | AE5: 34=(гр.33/SUMгр.33)/(гр.3/SUMгр.3) | AF5: 32 | AG5: 33 | AH5: 34 | AI5: 35 | AJ5: 36 | AK5: 37 | AL5: 38 | AM5: 39 | AN5: 40 | AO5: 41 | AP5: 42 | AQ5: 43 | AR5: 44 | AS5: 45 | AT5: 46=гр.39+гр.40+гр.41+гр.42+гр.43+гр.44+гр.45
A6: 1 | B6: Алатырский | C6: 14216 | D6: 1.3240055 | E6: 18822.062 | F6: 3.3099081 | G6: 1015 | H6: 1.0191799 | I6: 1.1513901 | J6: 1 | K6: 1191.0758 | L6: 0.63368339 | M6: 1432 | N6: 1.0191799 | O6: 1.1513901 | P6: 1 | Q6: 1680.4143 | R6: 0.61509915 | S6: 1.0191799 | T6: 1.1513901 | U6: 16682.102 | V6: 0.91670814 | W6: 1 | X6: 14216 | Y6: 0.77625063 | Z6: 1 | AA6: 14216 | AB6: 0.77625063 | AM6: =$AF$32*F6 -> 0.49648622 | AN6: =$AG$32*L6 -> 0.050694672 | AO6: =$AH$32*R6 -> 0.07996289 | AP6: =$AI$32*V6 -> 0.082503732 | AQ6: =$AJ$32*Y6 -> 0.093150076 | AR6: =$AK$32*AE6 -> 0 | AS6: =$AL$32*AB6 -> 0.28721273 | AT6: =AM6+AN6+AO6+AP6+AS6+AQ6+AR6 -> 1.0900103
A7: 2 | B7: Аликовский | C7: 15173 | D7: 1.240497 | E7: 18822.062 | F7: 3.1011437 | G7: 1265 | H7: 1.5482138 | I7: 1.1176507 | J7: 1 | K7: 2188.9082 | L7: 1.0911047 | M7: 1803 | N7: 1.5482138 | O7: 1.1176507 | P7: 1 | Q7: 3119.8431 | R7: 1.0699598 | S7: 1.5482138 | T7: 1.1176507 | U7: 26254.786 | V7: 1.3517449 | W7: 1 | X7: 15173 | Y7: 0.77625063 | Z7: 1 | AA7: 15173 | AB7: 0.77625063 | AM7: =$AF$32*F7 -> 0.46517156 | AN7: =$AG$32*L7 -> 0.087288377 | AO7: =$AH$32*R7 -> 0.13909477 | AP7: =$AI$32*V7 -> 0.12165704 | AQ7: =$AJ$32*Y7 -> 0.093150076 | AR7: =$AK$32*AE7 -> 0 | AS7: =$AL$32*AB7 -> 0.28721273 | AT7: =AM7+AN7+AO7+AP7+AS7+AQ7+AR7 -> 1.1935746
A8: 3 | B8: Батыревский | C8: 33419 | D8: 0.56321439 | E8: 18822.062 | F8: 1.4079911 | G8: 2839 | H8: 1.0658323 | I8: 1.16 | J8: 1 | K8: 3510.0416 | L8: 0.79438157 | M8: 4306 | N8: 1.0658323 | O8: 1.16 | P8: 1 | Q8: 5323.7898 | R8: 0.82896008 | S8: 1.0658323 | T8: 1.16 | U8: 41318.099 | V8: 0.9658387 | W8: 1 | X8: 33419 | Y8: 0.77625063 | Z8: 1 | AA8: 33419 | AB8: 0.77625063 | AM8: =$AF$32*F8 -> 0.21119866 | AN8: =$AG$32*L8 -> 0.063550525 | AO8: =$AH$32*R8 -> 0.10776481 | AP8: =$AI$32*V8 -> 0.086925483 | AQ8: =$AJ$32*Y8 -> 0.093150076 | AR8: =$AK$32*AE8 -> 0 | AS8: =$AL$32*AB8 -> 0.28721273 | AT8: =AM8+AN8+AO8+AP8+AS8+AQ8+AR8 -> 0.84980229
A9: 4 | B9: Вурнарский | C9: 31105 | D9: 0.6051137 | E9: 18822.062 | F9: 1.512736 | G9: 2498 | H9: 1.3003801 | I9: 1.1378441 | J9: 1 | K9: 3696.1153 | L9: 0.89872256 | M9: 4099 | N9: 1.3003801 | O9: 1.1378441 | P9: 1 | Q9: 6065.0026 | R9: 1.0146283 | S9: 1.3003801 | T9: 1.1378441 | U9: 46023.886 | V9: 1.1558748 | W9: 1 | X9: 31105 | Y9: 0.77625063 | Z9: 1 | AA9: 31105 | AB9: 0.77625063 | AM9: =$AF$32*F9 -> 0.2269104 | AN9: =$AG$32*L9 -> 0.071897805 | AO9: =$AH$32*R9 -> 0.13190167 | AP9: =$AI$32*V9 -> 0.10402873 | AQ9: =$AJ$32*Y9 -> 0.093150076 | AR9: =$AK$32*AE9 -> 0 | AS9: =$AL$32*AB9 -> 0.28721273 | AT9: =AM9+AN9+AO9+AP9+AS9+AQ9+AR9 -> 0.91510143
A10: 5 | B10: Ибресинский | C10: 22893 | D10: 0.8221754 | E10: 18822.062 | F10: 2.055373 | G10: 1771 | H10: 1.0955683 | I10: 1.1732582 | J10: 1 | K10: 2276.4158 | L10: 0.75207167 | M10: 2917 | N10: 1.0955683 | O10: 1.1732582 | P10: 1 | Q10: 3749.4664 | R10: 0.85226161 | S10: 1.0955683 | T10: 1.1732582 | U10: 29426.306 | V10: 1.0041319 | W10: 1 | X10: 22893 | Y10: 0.77625063 | Z10: 1 | AA10: 22893 | AB10: 0.77625063 | AM10: =$AF$32*F10 -> 0.30830595 | AN10: =$AG$32*L10 -> 0.060165734 | AO10: =$AH$32*R10 -> 0.11079401 | AP10: =$AI$32*V10 -> 0.090371871 | AQ10: =$AJ$32*Y10 -> 0.093150076 | AR10: =$AK$32*AE10 -> 0 | AS10: =$AL$32*AB10 -> 0.28721273 | AT10: =AM10+AN10+AO10+AP10+AS10+AQ10+AR10 -> 0.95000037
A11: 6 | B11: Канашский | C11: 34528 | D11: 0.54512458 | E11: 18822.062 | F11: 1.362768 | G11: 2763 | H11: 1.2385148 | I11: 1.1557586 | J11: 1 | K11: 3955.0249 | L11: 0.86633955 | M11: 4022 | N11: 1.2385148 | O11: 1.1557586 | P11: 1 | Q11: 5757.1879 | R11: 0.86765115 | S11: 1.2385148 | T11: 1.1557586 | U11: 49424.213 | V11: 1.1182169 | W11: 1 | X11: 34528 | Y11: 0.77625063 | Z11: 1 | AA11: 34528 | AB11: 0.77625063 | AM11: =$AF$32*F11 -> 0.2044152 | AN11: =$AG$32*L11 -> 0.069307164 | AO11: =$AH$32*R11 -> 0.11279465 | AP11: =$AI$32*V11 -> 0.10063952 | AQ11: =$AJ$32*Y11 -> 0.093150076 | AR11: =$AK$32*AE11 -> 0 | AS11: =$AL$32*AB11 -> 0.28721273 | AT11: =AM11+AN11+AO11+AP11+AS11+AQ11+AR11 -> 0.86751935
A12: 7 | B12: Козловский | C12: 18445 | D12: 1.0204425 | E12: 18822.062 | F12: 2.5510249 | G12: 1069 | H12: 1.2126672 | I12: 1.1570181 | J12: 1.0112632 | K12: 1516.7839 | L12: 0.62194988 | M12: 2003 | N12: 1.2126672 | O12: 1.1570181 | P12: 1.0112632 | Q12: 2842.0188 | R12: 0.80177859 | S12: 1.2126672 | T12: 1.1570181 | U12: 25879.773 | V12: 1.0960731 | W12: 1.0112632 | X12: 18652.75 | Y12: 0.78499369 | Z12: 1.0112632 | AA12: 18652.75 | AB12: 0.78499369 | AM12: =$AF$32*F12 -> 0.38265373 | AN12: =$AG$32*L12 -> 0.04975599 | AO12: =$AH$32*R12 -> 0.10423122 | AP12: =$AI$32*V12 -> 0.098646581 | AQ12: =$AJ$32*Y12 -> 0.094199243 | AR12: =$AK$32*AE12 -> 0 | AS12: =$AL$32*AB12 -> 0.29044767 | AT12: =AM12+AN12+AO12+AP12+AS12+AQ12+AR12 -> 1.0199344
A13: 8 | B13: Комсомольский | C13: 24567 | D13: 0.76615222 | E13: 18822.062 | F13: 1.9153195 | G13: 1907 | H13: 1.1876243 | I13: 1.1235613 | J13: 1 | K13: 2544.6409 | L13: 0.78340208 | M13: 3109 | N13: 1.1876243 | O13: 1.1235613 | P13: 1 | Q13: 4148.552 | R13: 0.87872013 | S13: 1.1876243 | T13: 1.1235613 | U13: 32781.433 | V13: 1.0423979 | W13: 1 | X13: 24567 | Y13: 0.77625063 | Z13: 1 | AA13: 24567 | AB13: 0.77625063 | AM13: =$AF$32*F13 -> 0.28729792 | AN13: =$AG$32*L13 -> 0.062672166 | AO13: =$AH$32*R13 -> 0.11423362 | AP13: =$AI$32*V13 -> 0.093815814 | AQ13: =$AJ$32*Y13 -> 0.093150076 | AR13: =$AK$32*AE13 -> 0 | AS13: =$AL$32*AB13 -> 0.28721273 | AT13: =AM13+AN13+AO13+AP13+AS13+AQ13+AR13 -> 0.93838233
A14: 9 | B14: Красноармейский | C14: 13849 | D14: 1.3590917 | E14: 18822.062 | F14: 3.397621 | G14: 1142 | H14: 1.4329595 | I14: 1.1521975 | J14: 1 | K14: 1885.5018 | L14: 1.0297194 | M14: 1518 | N14: 1.4329595 | O14: 1.1521975 | P14: 1 | Q14: 2506.2975 | R14: 0.94171692 | S14: 1.4329595 | T14: 1.1521975 | U14: 22865.424 | V14: 1.2897887 | W14: 1 | X14: 13849 | Y14: 0.77625063 | Z14: 1 | AA14: 13849 | AB14: 0.77625063 | AM14: =$AF$32*F14 -> 0.50964316 | AN14: =$AG$32*L14 -> 0.082377549 | AO14: =$AH$32*R14 -> 0.1224232 | AP14: =$AI$32*V14 -> 0.11608099 | AQ14: =$AJ$32*Y14 -> 0.093150076 | AR14: =$AK$32*AE14 -> 0 | AS14: =$AL$32*AB14 -> 0.28721273 | AT14: =AM14+AN14+AO14+AP14+AS14+AQ14+AR14 -> 1.2108877
A15: 10 | B15: Красночетайский | C15: 13568 | D15: 1.3872392 | E15: 18822.062 | F15: 3.4679875 | G15: 887 | H15: 1.4242838 | I15: 1.1227667 | J15: 1 | K15: 1418.4357 | L15: 0.7906862 | M15: 1431 | N15: 1.4242838 | O15: 1.1227667 | P15: 1 | Q15: 2288.367 | R15: 0.87763917 | S15: 1.4242838 | T15: 1.1227667 | U15: 21697.109 | V15: 1.2492339 | W15: 1 | X15: 13568 | Y15: 0.77625063 | Z15: 1 | AA15: 13568 | AB15: 0.77625063 | AM15: =$AF$32*F15 -> 0.52019812 | AN15: =$AG$32*L15 -> 0.063254896 | AO15: =$AH$32*R15 -> 0.11409309 | AP15: =$AI$32*V15 -> 0.11243105 | AQ15: =$AJ$32*Y15 -> 0.093150076 | AR15: =$AK$32*AE15 -> 0 | AS15: =$AL$32*AB15 -> 0.28721273 | AT15: =AM15+AN15+AO15+AP15+AS15+AQ15+AR15 -> 1.19034
A16: 11 | B16: Марпосадский | C16: 21562 | D16: 0.87292744 | E16: 18822.062 | F16: 2.182249 | G16: 1596 | H16: 1.2431082 | I16: 1.1480535 | J16: 1.0110945 | K16: 2303.0093 | L16: 0.80782444 | M16: 2414 | N16: 1.2431082 | O16: 1.1480535 | P16: 1.0110945 | Q16: 3483.3737 | R16: 0.84065382 | S16: 1.2431082 | T16: 1.1480535 | U16: 30772.31 | V16: 1.1148817 | W16: 1.0110945 | X16: 21801.22 | Y16: 0.78486275 | Z16: 1.0110945 | AA16: 21801.22 | AB16: 0.78486275 | AM16: =$AF$32*F16 -> 0.32733736 | AN16: =$AG$32*L16 -> 0.064625955 | AO16: =$AH$32*R16 -> 0.109285 | AP16: =$AI$32*V16 -> 0.10033935 | AQ16: =$AJ$32*Y16 -> 0.09418353 | AR16: =$AK$32*AE16 -> 0 | AS16: =$AL$32*AB16 -> 0.29039922 | AT16: =AM16+AN16+AO16+AP16+AS16+AQ16+AR16 -> 0.98617041
A17: 12 | B17: Моргаушский | C17: 32107 | D17: 0.58622922 | E17: 18822.062 | F17: 1.4655263 | G17: 2411 | H17: 1.4408908 | I17: 1.1740884 | J17: 1 | K17: 4078.7686 | L17: 0.96081479 | M17: 3840 | N17: 1.4408908 | O17: 1.1740884 | P17: 1 | Q17: 6496.2553 | R17: 1.0528573 | S17: 1.4408908 | T17: 1.1740884 | U17: 54316.476 | V17: 1.3215682 | W17: 1 | X17: 32107 | Y17: 0.77625063 | Z17: 1 | AA17: 32107 | AB17: 0.77625063 | AM17: =$AF$32*F17 -> 0.21982895 | AN17: =$AG$32*L17 -> 0.076865183 | AO17: =$AH$32*R17 -> 0.13687145 | AP17: =$AI$32*V17 -> 0.11894114 | AQ17: =$AJ$32*Y17 -> 0.093150076 | AR17: =$AK$32*AE17 -> 0 | AS17: =$AL$32*AB17 -> 0.28721273 | AT17: =AM17+AN17+AO17+AP17+AS17+AQ17+AR17 -> 0.93286953
... A26: 21 | B26: Янтиковский | C26: 14069 | D26: 1.3378393 | E26: 18822.062 | F26: 3.3444917 | G26: 1008 | H26: 1.1815546 | I26: 1.1211103 | J26: 1 | K26: 1335.2503 | L26: 0.71781046 | M26: 1665 | N26: 1.1815546 | O26: 1.1211103 | P26: 1 | Q26: 2205.5473 | R26: 0.81575419 | S26: 1.1815546 | T26: 1.1211103 | U26: 18636.543 | V26: 1.0348082 | W26: 1 | X26: 14069 | Y26: 0.77625063 | Z26: 1 | AA26: 14069 | AB26: 0.77625063 | AM26: =$AF$32*F26 -> 0.50167376 | AN26: =$AG$32*L26 -> 0.057424836 | AO26: =$AH$32*R26 -> 0.10604804 | AP26: =$AI$32*V26 -> 0.093132739 | AQ26: =$AJ$32*Y26 -> 0.093150076 | AR26: =$AK$32*AE26 -> 0 | AS26: =$AL$32*AB26 -> 0.28721273 | AT26: =AM26+AN26+AO26+AP26+AS26+AQ26+AR26 -> 1.1386422
A27: 22 | B27: г. Алатырь | C27: 34176 | D27: 0.55073916 | E27: 18822.062 | F27: 1.376804 | G27: 2193 | H27: 1 | I27: 1.2934939 | J27: 1.0443469 | K27: 2962.4279 | L27: 0.65559691 | M27: 3466 | N27: 1 | O27: 1.2934939 | P27: 1.0443469 | Q27: 4682.068 | R27: 0.71289021 | S27: 1 | T27: 1.2934939 | U27: 44206.448 | V27: 1.010467 | W27: 1.0443469 | X27: 35691.598 | Y27: 0.81067491 | Z27: 1.0443469 | AA27: 35691.598 | AB27: 0.81067491 | AC27: 2.4110158 | AD27: 82398.877 | AE27: 3.4110158 | AM27: =$AF$32*F27 -> 0.2065206 | AN27: =$AG$32*L27 -> 0.052447753 | AO27: =$AH$32*R27 -> 0.092675728 | AP27: =$AI$32*V27 -> 0.090942027 | AQ27: =$AJ$32*Y27 -> 0.09728099 | AR27: =$AK$32*AE27 -> 0.20466095 | AS27: =$AL$32*AB27 -> 0.29994972 | AT27: =AM27+AN27+AO27+AP27+AS27+AQ27+AR27 -> 1.0444778
A28: 23 | B28: г. Канаш | C28: 45222 | D28: 0.41621471 | E28: 18822.062 | F28: 1.0405036 | G28: 4039 | H28: 1 | I28: 1.2249681 | J28: 1.0586802 | K28: 5237.9748 | L28: 0.87604009 | M28: 6724 | N28: 1 | O28: 1.2249681 | P28: 1.0586802 | Q28: 8720.0156 | R28: 1.003399 | S28: 1 | T28: 1.2249681 | U28: 55395.506 | V28: 0.95693513 | W28: 1.0586802 | X28: 47875.635 | Y28: 0.82180116 | Z28: 1.0586802 | AA28: 47875.635 | AB28: 0.82180116 | AC28: 0.81795383 | AD28: 36989.508 | AE28: 1.8179538 | AM28: =$AF$32*F28 -> 0.15607554 | AN28: =$AG$32*L28 -> 0.070083207 | AO28: =$AH$32*R28 -> 0.13044187 | AP28: =$AI$32*V28 -> 0.086124162 | AQ28: =$AJ$32*Y28 -> 0.098616139 | AR28: =$AK$32*AE28 -> 0.10907723 | AS28: =$AL$32*AB28 -> 0.30406643 | AT28: =AM28+AN28+AO28+AP28+AS28+AQ28+AR28 -> 0.95448458
A29: 24 | B29: г. Новочебоксарск | C29: 127099 | D29: 0.14808977 | E29: 18822.062 | F29: 0.37021262 | G29: 8461 | H29: 1 | I29: 1.1 | J29: 1.1645282 | K29: 10838.381 | L29: 0.64495974 | M29: 16147 | N29: 1 | O29: 1.1 | P29: 1.1645282 | Q29: 20684.001 | R29: 0.84683457 | S29: 1 | T29: 1.1 | U29: 139808.9 | V29: 0.85931108 | W29: 1.1645282 | X29: 148010.37 | Y29: 0.90396576 | Z29: 1.1645282 | AA29: 148010.37 | AB29: 0.90396576 | AC29: 0.79546477 | AD29: 101102.78 | AE29: 1.7954648 | AM29: =$AF$32*F29 -> 0.055531893 | AN29: =$AG$32*L29 -> 0.051596779 | AO29: =$AH$32*R29 -> 0.11008849 | AP29: =$AI$32*V29 -> 0.077337997 | AQ29: =$AJ$32*Y29 -> 0.10847589 | AR29: =$AK$32*AE29 -> 0.10772789 | AS29: =$AL$32*AB29 -> 0.33446733 | AT29: =AM29+AN29+AO29+AP29+AS29+AQ29+AR29 -> 0.84522627
A30: 25 | B30: г. Шумерля | C30: 28647 | D30: 0.6570343 | E30: 18822.062 | F30: 1.6425334 | G30: 2030 | H30: 1 | I30: 1.19 | J30: 1.0371724 | K30: 2505.4974 | L30: 0.66149284 | M30: 3532 | N30: 1 | O30: 1.19 | P30: 1.0371724 | Q30: 4359.3187 | R30: 0.79185495 | S30: 1 | T30: 1.19 | U30: 34089.93 | V30: 0.92961835 | W30: 1.0371724 | X30: 29711.878 | Y30: 0.80510575 | Z30: 1.0371724 | AA30: 29711.878 | AB30: 0.80510575 | AC30: 0.91646877 | AD30: 26254.081 | AE30: 1.9164688 | AM30: =$AF$32*F30 -> 0.24638001 | AN30: =$AG$32*L30 -> 0.052919428 | AO30: =$AH$32*R30 -> 0.10294114 | AP30: =$AI$32*V30 -> 0.083665652 | AQ30: =$AJ$32*Y30 -> 0.09661269 | AR30: =$AK$32*AE30 -> 0.11498813 | AS30: =$AL$32*AB30 -> 0.29788913 | AT30: =AM30+AN30+AO30+AP30+AS30+AQ30+AR30 -> 0.99539617
A31: 26 | B31: г. Чебоксары | C31: 505800 | D31: 0.037212459 | E31: 18822.062 | F31: 0.093028181 | G31: 45161 | H31: 1 | I31: 1.1930015 | J31: 1.6427246 | K31: 88505.306 | L31: 1.3234295 | M31: 59322 | N31: 1 | O31: 1.1930015 | P31: 1.6427246 | Q31: 116257.65 | R31: 1.1960488 | S31: 1 | T31: 1.1930015 | U31: 603420.17 | V31: 0.93196311 | W31: 1.6427246 | X31: 830890.1 | Y31: 1.275166 | Z31: 1.6427246 | AA31: 830890.1 | AB31: 1.275166 | AC31: 0.97706358 | AD31: 494198.76 | AE31: 1.9770636 | AM31: =$AF$32*F31 -> 0.013954227 | AN31: =$AG$32*L31 -> 0.10587436 | AO31: =$AH$32*R31 -> 0.15548634 | AP31: =$AI$32*V31 -> 0.08387668 | AQ31: =$AJ$32*Y31 -> 0.15301992 | AR31: =$AK$32*AE31 -> 0.11862381 | AS31: =$AL$32*AB31 -> 0.47181142 | AT31: =AM31+AN31+AO31+AP31+AS31+AQ31+AR31 -> 1.1026468
B32: ВСЕГО | C32: 1223395 | D32: 0.015385106 | E32: 489373.6 | F32: 1 | G32: 98011 | H32: 1 | I32: 1 | J32: 2 | K32: 161754.5 | L32: 1 | M32: 145382 | N32: 1 | O32: 1 | P32: 2 | Q32: 235104.28 | R32: 1 | S32: 1 | T32: 1 | U32: 1566062.1 | V32: 1 | W32: 2 | X32: 1576030.9 | Y32: 1 | Z32: 2 | AA32: 1576030.9 | AB32: 1 | AC32: 2 | AD32: 740944 | AE32: 1 | AF32: 0.15 | AG32: 0.08 | AH32: 0.13 | AI32: 0.09 | AJ32: 0.12 | AK32: 0.06 | AL32: 0.37 | AM32: =$AF$32*F32 -> 0.15 | AN32: =$AG$32*L32 -> 0.08 | AO32: =$AH$32*R32 -> 0.13 | AP32: =$AI$32*V32 -> 0.09 | AQ32: =$AJ$32*Y32 -> 0.12 | AR32: =$AK$32*AE32 -> 0.06 | AS32: =$AL$32*AB32 -> 0.37 | AT32: =AM32+AN32+AO32+AP32+AS32+AQ32+AR32 -> 1
B33: по городским округам | C33: 740944

Sheet ИБР 2021
C1: Расчет индекса бюджетных расходов (ИБР) на 2021 год
A3: № п/п | B3: Муниципальные районы городские округа | C3: Численность населения на 01.01.2019 Пj | D3: Коэффициент масштаба, Км | E3: SUMj(ПijxKnij) | F3: ИБР омсу | G3: Дети в возрасте от 1-6 лет | H3: Коэффициент дисперсности расселения, Кдисп | I3: Коэффициент стоимости предоставления коммунальных услуг, Кку | J3: Коэффициент уровня урбанизации, Курб | K3: SUMj(ПijxKnij) | L3: ИБРдоу | M3: Дети в возрасте от 7 до 17 лет | N3: Коэффициент дисперсности расселения, Кдисп | O3: Коэффициент стоимости предоставления коммунальных услуг, Кку | P3: Коэффициент уровня урбанизации, Курб | Q3: SUMj(ПijxKnij) | R3: ИБРобраз | S3: Коэффициент дисперсности расселения, Кдисп | T3: Коэффициент стоимости предоставления коммунальных услуг, Кку | U3: SUMj(ПijxKnij) | V3: ИБРкульт | W3: Коэффициент уровня урбанизации, Курб | X3: Коэффициент протяженности дорог, Кдорог | Y3: SUMj(ПijxKnij) | Z3: ИБРдор | AA3: Коэффициент уровня урбанизации, Курб | AB3: SUMj(ПijxKnij) | AC3: ИБР иные | AD3: Коэффициент благоустройства, Кблаг | AE3: SUMj(ПijxKnij) | AF3: ИБР благоустр | AG3: Доля вида расходов | AN3: Доля ИБР | AU3: ИБР SUM (аi х ИБРij)
AG4: ОМСУ (а1) | AH4: ДОУ (а2) | AI4: Образ (а3) | AJ4: Культура (а4) | AK4: Дорож деят (а5) | AL4: Благоустр (а6) | AM4: Иные (а7) | AN4: (а1 х ИБР омсу) | AO4: (а2 х ИБРдоу | AP4: (а3 х ИБРобраз | AQ4: (а4 х ИБРкульт | AR4: (а5 х ИБРдор | AS4: (а6 х ИБР благоустр | AT4: (а7 х ИБР иные
A5: 1 | B5: 2 | C5: 3 | D5: 4 | E5: 5=гр.3хгр.4 | F5: 6=(гр.5/SUMгр.5)/(гр.3/SUMгр.3) | G5: 7 | H5: 9 | I5: 10 | J5: 11 | K5: 12=гр.7*гр.8*гр.9*гр.10*гр.11 | L5: 13=(гр.12/SUMгр.12)/(гр.3/SUMгр.3) | M5: 14 | N5: 16 | O5: 17 | P5: 18 | Q5: 19=гр14*гр.15*гр.16*гр.17*гр.18 | R5: 20=(гр.19/SUMгр.19)/(гр.3/SUMгр.3) | S5: 21 | T5: 22 | U5: 23=гр.3*гр.21*гр.22 | V5: 24=(гр.23/SUMгр.23)/(гр.3/SUMгр.3) | W5: 25 | X5: 26 | Y5: 27=гр.3*гр.25 | Z5: 24=(гр.27/SUMгр.27)/(гр.3/SUMгр.3) | AA5: 29 | AB5: 30=гр.3*гр.29 | AC5: 31=(гр.30/SUMгр.30)/(гр.3/SUMгр.3) | AD5: 32 | AE5: 33 | AF5: 34=(гр.33/SUMгр.33)/(гр.3/SUMгр.3) | AG5: 32 | AH5: 33 | AI5: 34 | AJ5: 35 | AK5: 36 | AL5: 37 | AM5: 38 | AN5: 39 | AO5: 40 | AP5: 41 | AQ5: 42 | AR5: 43 | AS5: 44 | AT5: 45 | AU5: 46=гр.39+гр.40+гр.41+гр.42+гр.43+гр.44+гр.45
A6: 1 | B6: Алатырский | C6: 14216 | D6: 1.3240055 | E6: 18822.062 | F6: 3.3099081 | G6: 1015 | H6: 1.0191799 | I6: 1.1513901 | J6: 1 | K6: 1191.0758 | L6: 0.63368339 | M6: 1432 | N6: 1.0191799 | O6: 1.1513901 | P6: 1 | Q6: 1680.4143 | R6: 0.61509915 | S6: 1.0191799 | T6: 1.1513901 | U6: 16682.102 | V6: 0.91670814 | W6: 1 | Y6: 14216 | Z6: 0.77625063 | AA6: 1 | AB6: 14216 | AC6: 0.77625063 | AN6: =$AG$32*F6 -> 0.49648622 | AO6: =$AH$32*L6 -> 0.057031506 | AP6: =$AI$32*R6 -> 0.07996289 | AQ6: =$AJ$32*V6 -> 0.082503732 | AR6: =$AK$32*Z6 -> 0.093150076 | AS6: =$AL$32*AF6 -> 0 | AT6: =$AM$32*AC6 -> 0.27945023 | AU6: =AN6+AO6+AP6+AQ6+AT6+AR6+AS6 -> 1.0885846
A7: 2 | B7: Аликовский | C7: 15173 | D7: 1.240497 | E7: 18822.062 | F7: 3.1011437 | G7: 1265 | H7: 1.5482138 | I7: 1.1176507 | J7: 1 | K7: 2188.9082 | L7: 1.0911047 | M7: 1803 | N7: 1.5482138 | O7: 1.1176507 | P7: 1 | Q7: 3119.8431 | R7: 1.0699598 | S7: 1.5482138 | T7: 1.1176507 | U7: 26254.786 | V7: 1.3517449 | W7: 1 | Y7: 15173 | Z7: 0.77625063 | AA7: 1 | AB7: 15173 | AC7: 0.77625063 | AN7: =$AG$32*F7 -> 0.46517156 | AO7: =$AH$32*L7 -> 0.098199425 | AP7: =$AI$32*R7 -> 0.13909477 | AQ7: =$AJ$32*V7 -> 0.12165704 | AR7: =$AK$32*Z7 -> 0.093150076 | AS7: =$AL$32*AF7 -> 0 | AT7: =$AM$32*AC7 -> 0.27945023 | AU7: =AN7+AO7+AP7+AQ7+AT7+AR7+AS7 -> 1.1967231
A8: 3 | B8: Батыревский | C8: 33419 | D8: 0.56321439 | E8: 18822.062 | F8: 1.4079911 | G8: 2839 | H8: 1.0658323 | I8: 1.16 | J8: 1 | K8: 3510.0416 | L8: 0.79438157 | M8: 4306 | N8: 1.0658323 | O8: 1.16 | P8: 1 | Q8: 5323.7898 | R8: 0.82896008 | S8: 1.0658323 | T8: 1.16 | U8: 41318.099 | V8: 0.9658387 | W8: 1 | Y8: 33419 | Z8: 0.77625063 | AA8: 1 | AB8: 33419 | AC8: 0.77625063 | AN8: =$AG$32*F8 -> 0.21119866 | AO8: =$AH$32*L8 -> 0.071494341 | AP8: =$AI$32*R8 -> 0.10776481 | AQ8: =$AJ$32*V8 -> 0.086925483 | AR8: =$AK$32*Z8 -> 0.093150076 | AS8: =$AL$32*AF8 -> 0 | AT8: =$AM$32*AC8 -> 0.27945023 | AU8: =AN8+AO8+AP8+AQ8+AT8+AR8+AS8 -> 0.8499836
A9: 4 | B9: Вурнарский | C9: 31105 | D9: 0.6051137 | E9: 18822.062 | F9: 1.512736 | G9: 2498 | H9: 1.3003801 | I9: 1.1378441 | J9: 1 | K9: 3696.1153 | L9: 0.89872256 | M9: 4099 | N9: 1.3003801 | O9: 1.1378441 | P9: 1 | Q9: 6065.0026 | R9: 1.0146283 | S9: 1.3003801 | T9: 1.1378441 | U9: 46023.886 | V9: 1.1558748 | W9: 1 | Y9: 31105 | Z9: 0.77625063 | AA9: 1 | AB9: 31105 | AC9: 0.77625063 | AN9: =$AG$32*F9 -> 0.2269104 | AO9: =$AH$32*L9 -> 0.080885031 | AP9: =$AI$32*R9 -> 0.13190167 | AQ9: =$AJ$32*V9 -> 0.10402873 | AR9: =$AK$32*Z9 -> 0.093150076 | AS9: =$AL$32*AF9 -> 0 | AT9: =$AM$32*AC9 -> 0.27945023 | AU9: =AN9+AO9+AP9+AQ9+AT9+AR9+AS9 -> 0.91632614
A10: 5 | B10: Ибресинский | C10: 22893 | D10: 0.8221754 | E10: 18822.062 | F10: 2.055373 | G10: 1771 | H10: 1.0955683 | I10: 1.1732582 | J10: 1 | K10: 2276.4158 | L10: 0.75207167 | M10: 2917 | N10: 1.0955683 | O10: 1.1732582 | P10: 1 | Q10: 3749.4664 | R10: 0.85226161 | S10: 1.0955683 | T10: 1.1732582 | U10: 29426.306 | V10: 1.0041319 | W10: 1 | Y10: 22893 | Z10: 0.77625063 | AA10: 1 | AB10: 22893 | AC10: 0.77625063 | AN10: =$AG$32*F10 -> 0.30830595 | AO10: =$AH$32*L10 -> 0.06768645 | AP10: =$AI$32*R10 -> 0.11079401 | AQ10: =$AJ$32*V10 -> 0.090371871 | AR10: =$AK$32*Z10 -> 0.093150076 | AS10: =$AL$32*AF10 -> 0 | AT10: =$AM$32*AC10 -> 0.27945023 | AU10: =AN10+AO10+AP10+AQ10+AT10+AR10+AS10 -> 0.94975858
A11: 6 | B11: Канашский | C11: 34528 | D11: 0.54512458 | E11: 18822.062 | F11: 1.362768 | G11: 2763 | H11: 1.2385148 | I11: 1.1557586 | J11: 1 | K11: 3955.0249 | L11: 0.86633955 | M11: 4022 | N11: 1.2385148 | O11: 1.1557586 | P11: 1 | Q11: 5757.1879 | R11: 0.86765115 | S11: 1.2385148 | T11: 1.1557586 | U11: 49424.213 | V11: 1.1182169 | W11: 1 | Y11: 34528 | Z11: 0.77625063 | AA11: 1 | AB11: 34528 | AC11: 0.77625063 | AN11: =$AG$32*F11 -> 0.2044152 | AO11: =$AH$32*L11 -> 0.077970559 | AP11: =$AI$32*R11 -> 0.11279465 | AQ11: =$AJ$32*V11 -> 0.10063952 | AR11: =$AK$32*Z11 -> 0.093150076 | AS11: =$AL$32*AF11 -> 0 | AT11: =$AM$32*AC11 -> 0.27945023 | AU11: =AN11+AO11+AP11+AQ11+AT11+AR11+AS11 -> 0.86842024
A12: 7 | B12: Козловский | C12: 18445 | D12: 1.0204425 | E12: 18822.062 | F12: 2.5510249 | G12: 1069 | H12: 1.2126672 | I12: 1.1570181 | J12: 1.0112632 | K12: 1516.7839 | L12: 0.62194988 | M12: 2003 | N12: 1.2126672 | O12: 1.1570181 | P12: 1.0112632 | Q12: 2842.0188 | R12: 0.80177859 | S12: 1.2126672 | T12: 1.1570181 | U12: 25879.773 | V12: 1.0960731 | W12: 1.0112632 | Y12: 18652.75 | Z12: 0.78499369 | AA12: 1.0112632 | AB12: 18652.75 | AC12: 0.78499369 | AN12: =$AG$32*F12 -> 0.38265373 | AO12: =$AH$32*L12 -> 0.055975489 | AP12: =$AI$32*R12 -> 0.10423122 | AQ12: =$AJ$32*V12 -> 0.098646581 | AR12: =$AK$32*Z12 -> 0.094199243 | AS12: =$AL$32*AF12 -> 0 | AT12: =$AM$32*AC12 -> 0.28259773 | AU12: =AN12+AO12+AP12+AQ12+AT12+AR12+AS12 -> 1.018304
A13: 8 | B13: Комсомольский | C13: 24567 | D13: 0.76615222 | E13: 18822.062 | F13: 1.9153195 | G13: 1907 | H13: 1.1876243 | I13: 1.1235613 | J13: 1 | K13: 2544.6409 | L13: 0.78340208 | M13: 3109 | N13: 1.1876243 | O13: 1.1235613 | P13: 1 | Q13: 4148.552 | R13: 0.87872013 | S13: 1.1876243 | T13: 1.1235613 | U13: 32781.433 | V13: 1.0423979 | W13: 1 | Y13: 24567 | Z13: 0.77625063 | AA13: 1 | AB13: 24567 | AC13: 0.77625063 | AN13: =$AG$32*F13 -> 0.28729792 | AO13: =$AH$32*L13 -> 0.070506187 | AP13: =$AI$32*R13 -> 0.11423362 | AQ13: =$AJ$32*V13 -> 0.093815814 | AR13: =$AK$32*Z13 -> 0.093150076 | AS13: =$AL$32*AF13 -> 0 | AT13: =$AM$32*AC13 -> 0.27945023 | AU13: =AN13+AO13+AP13+AQ13+AT13+AR13+AS13 -> 0.93845384
A14: 9 | B14: Красноармейский | C14: 13849 | D14: 1.3590917 | E14: 18822.062 | F14: 3.397621 | G14: 1142 | H14: 1.4329595 | I14: 1.1521975 | J14: 1 | K14: 1885.5018 | L14: 1.0297194 | M14: 1518 | N14: 1.4329595 | O14: 1.1521975 | P14: 1 | Q14: 2506.2975 | R14: 0.94171692 | S14: 1.4329595 | T14: 1.1521975 | U14: 22865.424 | V14: 1.2897887 | W14: 1 | Y14: 13849 | Z14: 0.77625063 | AA14: 1 | AB14: 13849 | AC14: 0.77625063 | AN14: =$AG$32*F14 -> 0.50964316 | AO14: =$AH$32*L14 -> 0.092674743 | AP14: =$AI$32*R14 -> 0.1224232 | AQ14: =$AJ$32*V14 -> 0.11608099 | AR14: =$AK$32*Z14 -> 0.093150076 | AS14: =$AL$32*AF14 -> 0 | AT14: =$AM$32*AC14 -> 0.27945023 | AU14: =AN14+AO14+AP14+AQ14+AT14+AR14+AS14 -> 1.2134224
A15: 10 | B15: Красночетайский | C15: 13568 | D15: 1.3872392 | E15: 18822.062 | F15: 3.4679875 | G15: 887 | H15: 1.4242838 | I15: 1.1227667 | J15: 1 | K15: 1418.4357 | L15: 0.7906862 | M15: 1431 | N15: 1.4242838 | O15: 1.1227667 | P15: 1 | Q15: 2288.367 | R15: 0.87763917 | S15: 1.4242838 | T15: 1.1227667 | U15: 21697.109 | V15: 1.2492339 | W15: 1 | Y15: 13568 | Z15: 0.77625063 | AA15: 1 | AB15: 13568 | AC15: 0.77625063 | AN15: =$AG$32*F15 -> 0.52019812 | AO15: =$AH$32*L15 -> 0.071161758 | AP15: =$AI$32*R15 -> 0.11409309 | AQ15: =$AJ$32*V15 -> 0.11243105 | AR15: =$AK$32*Z15 -> 0.093150076 | AS15: =$AL$32*AF15 -> 0 | AT15: =$AM$32*AC15 -> 0.27945023 | AU15: =AN15+AO15+AP15+AQ15+AT15+AR15+AS15 -> 1.1904843
A16: 11 | B16: Марпосадский | C16: 21562 | D16: 0.87292744 | E16: 18822.062 | F16: 2.182249 | G16: 1596 | H16: 1.2431082 | I16: 1.1480535 | J16: 1.0110945 | K16: 2303.0093 | L16: 0.80782444 | M16: 2414 | N16: 1.2431082 | O16: 1.1480535 | P16: 1.0110945 | Q16: 3483.3737 | R16: 0.84065382 | S16: 1.2431082 | T16: 1.1480535 | U16: 30772.31 | V16: 1.1148817 | W16: 1.0110945 | Y16: 21801.22 | Z16: 0.78486275 | AA16: 1.0110945 | AB16: 21801.22 | AC16: 0.78486275 | AN16: =$AG$32*F16 -> 0.32733736 | AO16: =$AH$32*L16 -> 0.072704199 | AP16: =$AI$32*R16 -> 0.109285 | AQ16: =$AJ$32*V16 -> 0.10033935 | AR16: =$AK$32*Z16 -> 0.09418353 | AS16: =$AL$32*AF16 -> 0 | AT16: =$AM$32*AC16 -> 0.28255059 | AU16: =AN16+AO16+AP16+AQ16+AT16+AR16+AS16 -> 0.98640002
A17: 12 | B17: Моргаушский | C17: 32107 | D17: 0.58622922 | E17: 18822.062 | F17: 1.4655263 | G17: 2411 | H17: 1.4408908 | I17: 1.1740884 | J17: 1 | K17: 4078.7686 | L17: 0.96081479 | M17: 3840 | N17: 1.4408908 | O17: 1.1740884 | P17: 1 | Q17: 6496.2553 | R17: 1.0528573 | S17: 1.4408908 | T17: 1.1740884 | U17: 54316.476 | V17: 1.3215682 | W17: 1 | Y17: 32107 | Z17: 0.77625063 | AA17: 1 | AB17: 32107 | AC17: 0.77625063 | AN17: =$AG$32*F17 -> 0.21982895 | AO17: =$AH$32*L17 -> 0.086473331 | AP17: =$AI$32*R17 -> 0.13687145 | AQ17: =$AJ$32*V17 -> 0.11894114 | AR17: =$AK$32*Z17 -> 0.093150076 | AS17: =$AL$32*AF17 -> 0 | AT17: =$AM$32*AC17 -> 0.27945023 | AU17: =AN17+AO17+AP17+AQ17+AT17+AR17+AS17 -> 0.93471518
... A26: 21 | B26: Янтиковский | C26: 14069 | D26: 1.3378393 | E26: 18822.062 | F26: 3.3444917 | G26: 1008 | H26: 1.1815546 | I26: 1.1211103 | J26: 1 | K26: 1335.2503 | L26: 0.71781046 | M26: 1665 | N26: 1.1815546 | O26: 1.1211103 | P26: 1 | Q26: 2205.5473 | R26: 0.81575419 | S26: 1.1815546 | T26: 1.1211103 | U26: 18636.543 | V26: 1.0348082 | W26: 1 | Y26: 14069 | Z26: 0.77625063 | AA26: 1 | AB26: 14069 | AC26: 0.77625063 | AN26: =$AG$32*F26 -> 0.50167376 | AO26: =$AH$32*L26 -> 0.064602941 | AP26: =$AI$32*R26 -> 0.10604804 | AQ26: =$AJ$32*V26 -> 0.093132739 | AR26: =$AK$32*Z26 -> 0.093150076 | AS26: =$AL$32*AF26 -> 0 | AT26: =$AM$32*AC26 -> 0.27945023 | AU26: =AN26+AO26+AP26+AQ26+AT26+AR26+AS26 -> 1.1380578
A27: 22 | B27: г. Алатырь | C27: 34176 | D27: 0.55073916 | E27: 18822.062 | F27: 1.376804 | G27: 2193 | H27: 1 | I27: 1.2934939 | J27: 1.0443469 | K27: 2962.4279 | L27: 0.65559691 | M27: 3466 | N27: 1 | O27: 1.2934939 | P27: 1.0443469 | Q27: 4682.068 | R27: 0.71289021 | S27: 1 | T27: 1.2934939 | U27: 44206.448 | V27: 1.010467 | W27: 1.0443469 | Y27: 35691.598 | Z27: 0.81067491 | AA27: 1.0443469 | AB27: 35691.598 | AC27: 0.81067491 | AD27: 2.4110158 | AE27: 82398.877 | AF27: 3.4110158 | AN27: =$AG$32*F27 -> 0.2065206 | AO27: =$AH$32*L27 -> 0.059003722 | AP27: =$AI$32*R27 -> 0.092675728 | AQ27: =$AJ$32*V27 -> 0.090942027 | AR27: =$AK$32*Z27 -> 0.09728099 | AS27: =$AL$32*AF27 -> 0.20466095 | AT27: =$AM$32*AC27 -> 0.29184297 | AU27: =AN27+AO27+AP27+AQ27+AT27+AR27+AS27 -> 1.042927
A28: 23 | B28: г. Канаш | C28: 45222 | D28: 0.41621471 | E28: 18822.062 | F28: 1.0405036 | G28: 4039 | H28: 1 | I28: 1.2249681 | J28: 1.0586802 | K28: 5237.9748 | L28: 0.87604009 | M28: 6724 | N28: 1 | O28: 1.2249681 | P28: 1.0586802 | Q28: 8720.0156 | R28: 1.003399 | S28: 1 | T28: 1.2249681 | U28: 55395.506 | V28: 0.95693513 | W28: 1.0586802 | Y28: 47875.635 | Z28: 0.82180116 | AA28: 1.0586802 | AB28: 47875.635 | AC28: 0.82180116 | AD28: 0.81795383 | AE28: 36989.508 | AF28: 1.8179538 | AN28: =$AG$32*F28 -> 0.15607554 | AO28: =$AH$32*L28 -> 0.078843608 | AP28: =$AI$32*R28 -> 0.13044187 | AQ28: =$AJ$32*V28 -> 0.086124162 | AR28: =$AK$32*Z28 -> 0.098616139 | AS28: =$AL$32*AF28 -> 0.10907723 | AT28: =$AM$32*AC28 -> 0.29584842 | AU28: =AN28+AO28+AP28+AQ28+AT28+AR28+AS28 -> 0.95502697
A29: 24 | B29: г. Новочебоксарск | C29: 127099 | D29: 0.14808977 | E29: 18822.062 | F29: 0.37021262 | G29: 8461 | H29: 1 | I29: 1.1 | J29: 1.1645282 | K29: 10838.381 | L29: 0.64495974 | M29: 16147 | N29: 1 | O29: 1.1 | P29: 1.1645282 | Q29: 20684.001 | R29: 0.84683457 | S29: 1 | T29: 1.1 | U29: 139808.9 | V29: 0.85931108 | W29: 1.1645282 | Y29: 148010.37 | Z29: 0.90396576 | AA29: 1.1645282 | AB29: 148010.37 | AC29: 0.90396576 | AD29: 0.79546477 | AE29: 101102.78 | AF29: 1.7954648 | AN29: =$AG$32*F29 -> 0.055531893 | AO29: =$AH$32*L29 -> 0.058046376 | AP29: =$AI$32*R29 -> 0.11008849 | AQ29: =$AJ$32*V29 -> 0.077337997 | AR29: =$AK$32*Z29 -> 0.10847589 | AS29: =$AL$32*AF29 -> 0.10772789 | AT29: =$AM$32*AC29 -> 0.32542768 | AU29: =AN29+AO29+AP29+AQ29+AT29+AR29+AS29 -> 0.84263621
A30: 25 | B30: г. Шумерля | C30: 28647 | D30: 0.6570343 | E30: 18822.062 | F30: 1.6425334 | G30: 2030 | H30: 1 | I30: 1.19 | J30: 1.0371724 | K30: 2505.4974 | L30: 0.66149284 | M30: 3532 | N30: 1 | O30: 1.19 | P30: 1.0371724 | Q30: 4359.3187 | R30: 0.79185495 | S30: 1 | T30: 1.19 | U30: 34089.93 | V30: 0.92961835 | W30: 1.0371724 | Y30: 29711.878 | Z30: 0.80510575 | AA30: 1.0371724 | AB30: 29711.878 | AC30: 0.80510575 | AD30: 0.91646877 | AE30: 26254.081 | AF30: 1.9164688 | AN30: =$AG$32*F30 -> 0.24638001 | AO30: =$AH$32*L30 -> 0.059534356 | AP30: =$AI$32*R30 -> 0.10294114 | AQ30: =$AJ$32*V30 -> 0.083665652 | AR30: =$AK$32*Z30 -> 0.09661269 | AS30: =$AL$32*AF30 -> 0.11498813 | AT30: =$AM$32*AC30 -> 0.28983807 | AU30: =AN30+AO30+AP30+AQ30+AT30+AR30+AS30 -> 0.99396004
A31: 26 | B31: г. Чебоксары | C31: 505800 | D31: 0.037212459 | E31: 18822.062 | F31: 0.093028181 | G31: 45161 | H31: 1 | I31: 1.1930015 | J31: 1.6427246 | K31: 88505.306 | L31: 1.3234295 | M31: 59322 | N31: 1 | O31: 1.1930015 | P31: 1.6427246 | Q31: 116257.65 | R31: 1.1960488 | S31: 1 | T31: 1.1930015 | U31: 603420.17 | V31: 0.93196311 | W31: 1.6427246 | Y31: 830890.1 | Z31: 1.275166 | AA31: 1.6427246 | AB31: 830890.1 | AC31: 1.275166 | AD31: 0.97706358 | AE31: 494198.76 | AF31: 1.9770636 | AN31: =$AG$32*F31 -> 0.013954227 | AO31: =$AH$32*L31 -> 0.11910866 | AP31: =$AI$32*R31 -> 0.15548634 | AQ31: =$AJ$32*V31 -> 0.08387668 | AR31: =$AK$32*Z31 -> 0.15301992 | AS31: =$AL$32*AF31 -> 0.11862381 | AT31: =$AM$32*AC31 -> 0.45905976 | AU31: =AN31+AO31+AP31+AQ31+AT31+AR31+AS31 -> 1.1031294
B32: ВСЕГО | C32: 1223395 | D32: 0.015385106 | E32: 489373.6 | F32: 1 | G32: 98011 | H32: 1 | I32: 1 | J32: 2 | K32: 161754.5 | L32: 1 | M32: 145382 | N32: 1 | O32: 1 | P32: 2 | Q32: 235104.28 | R32: 1 | S32: 1 | T32: 1 | U32: 1566062.1 | V32: 1 | W32: 2 | Y32: 1576030.9 | Z32: 1 | AA32: 2 | AB32: 1576030.9 | AC32: 1 | AD32: 2 | AE32: 740944 | AF32: 1 | AG32: 0.15 | AH32: 0.09 | AI32: 0.13 | AJ32: 0.09 | AK32: 0.12 | AL32: 0.06 | AM32: =1-AG32-AH32-AI32-AJ32-AK32-AL32 -> 0.36 | AN32: =$AG$32*F32 -> 0.15 | AO32: =$AH$32*L32 -> 0.09 | AP32: =$AI$32*R32 -> 0.13 | AQ32: =$AJ$32*V32 -> 0.09 | AR32: =$AK$32*Z32 -> 0.12 | AS32: =$AL$32*AF32 -> 0.06 | AT32: =$AM$32*AC32 -> 0.36 | AU32: =AN32+AO32+AP32+AQ32+AT32+AR32+AS32 -> 1
B33: по городским округам | C33: 740944

Sheet ИБР 2022
C1: Расчет индекса бюджетных расходов (ИБР) на 2022 год
A3: № п/п | B3: Муниципальные районы городские округа | C3: Численность населения на 01.01.2019 Пj | D3: Коэффициент масштаба, Км | E3: SUMj(ПijxKnij) | F3: ИБР омсу | G3: Дети в возрасте от 1-6 лет | H3: Коэффициент дисперсности расселения, Кдисп | I3: Коэффициент стоимости предоставления коммунальных услуг, Кку | J3: Коэффициент уровня урбанизации, Курб | K3: SUMj(ПijxKnij) | L3: ИБРдоу | M3: Дети в возрасте от 7 до 17 лет | N3: Коэффициент дисперсности расселения, Кдисп | O3: Коэффициент стоимости предоставления коммунальных услуг, Кку | P3: Коэффициент уровня урбанизации, Курб | Q3: SUMj(ПijxKnij) | R3: ИБРобраз | S3: Коэффициент дисперсности расселения, Кдисп | T3: Коэффициент стоимости предоставления коммунальных услуг, Кку | U3: SUMj(ПijxKnij) | V3: ИБРкульт | W3: Коэффициент уровня урбанизации, Курб | X3: Коэффициент протяженности дорог, Кдорог | Y3: SUMj(ПijxKnij) | Z3: ИБРдор | AA3: Коэффициент уровня урбанизации, Курб | AB3: SUMj(ПijxKnij) | AC3: ИБР иные | AD3: Коэффициент благоустройства, Кблаг | AE3: SUMj(ПijxKnij) | AF3: ИБР благоустр | AG3: Доля вида расходов | AN3: Доля ИБР | AU3: ИБР SUM (аi х ИБРij)
AG4: ОМСУ (а1) | AH4: ДОУ (а2) | AI4: Образ (а3) | AJ4: Культура (а4) | AK4: Дорож деят (а5) | AL4: Благоустр (а6) | AM4: Иные (а7) | AN4: (а1 х ИБР омсу) | AO4: (а2 х ИБРдоу | AP4: (а3 х ИБРобраз | AQ4: (а4 х ИБРкульт | AR4: (а5 х ИБРдор | AS4: (а6 х ИБР благоустр | AT4: (а7 х ИБР иные
A5: 1 | B5: 2 | C5: 3 | D5: 4 | E5: 5=гр.3хгр.4 | F5: 6=(гр.5/SUMгр.5)/(гр.3/SUMгр.3) | G5: 7 | H5: 9 | I5: 10 | J5: 11 | K5: 12=гр.7*гр.8*гр.9*гр.10*гр.11 | L5: 13=(гр.12/SUMгр.12)/(гр.3/SUMгр.3) | M5: 14 | N5: 16 | O5: 17 | P5: 18 | Q5: 19=гр14*гр.15*гр.16*гр.17*гр.18 | R5: 20=(гр.19/SUMгр.19)/(гр.3/SUMгр.3) | S5: 21 | T5: 22 | U5: 23=гр.3*гр.21*гр.22 | V5: 24=(гр.23/SUMгр.23)/(гр.3/SUMгр.3) | W5: 25 | X5: 26 | Y5: 27=гр.3*гр.25 | Z5: 24=(гр.27/SUMгр.27)/(гр.3/SUMгр.3) | AA5: 29 | AB5: 30=гр.3*гр.29 | AC5: 31=(гр.30/SUMгр.30)/(гр.3/SUMгр.3) | AD5: 32 | AE5: 33 | AF5: 34=(гр.33/SUMгр.33)/(гр.3/SUMгр.3) | AG5: 32 | AH5: 33 | AI5: 34 | AJ5: 35 | AK5: 36 | AL5: 37 | AM5: 38 | AN5: 39 | AO5: 40 | AP5: 41 | AQ5: 42 | AR5: 43 | AS5: 44 | AT5: 45 | AU5: 46=гр.39+гр.40+гр.41+гр.42+гр.43+гр.44+гр.45
A6: 1 | B6: Алатырский | C6: 14216 | D6: 1.3240055 | E6: 18822.062 | F6: 3.3099081 | G6: 1015 | H6: 1.0191799 | I6: 1.1513901 | J6: 1 | K6: 1191.0758 | L6: 0.63368339 | M6: 1432 | N6: 1.0191799 | O6: 1.1513901 | P6: 1 | Q6: 1680.4143 | R6: 0.61509915 | S6: 1.0191799 | T6: 1.1513901 | U6: 16682.102 | V6: 0.91670814 | W6: 1 | Y6: 14216 | Z6: 0.77625063 | AA6: 1 | AB6: 14216 | AC6: 0.77625063 | AN6: =$AG$32*F6 -> 0.49648622 | AO6: =$AH$32*L6 -> 0.057031506 | AP6: =$AI$32*R6 -> 0.07996289 | AQ6: =$AJ$32*V6 -> 0.082503732 | AR6: =$AK$32*Z6 -> 0.093150076 | AS6: =$AL$32*AF6 -> 0 | AT6: =$AM$32*AC6 -> 0.27945023 | AU6: =AN6+AO6+AP6+AQ6+AT6+AR6+AS6 -> 1.0885846
A7: 2 | B7: Аликовский | C7: 15173 | D7: 1.240497 | E7: 18822.062 | F7: 3.1011437 | G7: 1265 | H7: 1.5482138 | I7: 1.1176507 | J7: 1 | K7: 2188.9082 | L7: 1.0911047 | M7: 1803 | N7: 1.5482138 | O7: 1.1176507 | P7: 1 | Q7: 3119.8431 | R7: 1.0699598 | S7: 1.5482138 | T7: 1.1176507 | U7: 26254.786 | V7: 1.3517449 | W7: 1 | Y7: 15173 | Z7: 0.77625063 | AA7: 1 | AB7: 15173 | AC7: 0.77625063 | AN7: =$AG$32*F7 -> 0.46517156 | AO7: =$AH$32*L7 -> 0.098199425 | AP7: =$AI$32*R7 -> 0.13909477 | AQ7: =$AJ$32*V7 -> 0.12165704 | AR7: =$AK$32*Z7 -> 0.093150076 | AS7: =$AL$32*AF7 -> 0 | AT7: =$AM$32*AC7 -> 0.27945023 | AU7: =AN7+AO7+AP7+AQ7+AT7+AR7+AS7 -> 1.1967231
A8: 3 | B8: Батыревский | C8: 33419 | D8: 0.56321439 | E8: 18822.062 | F8: 1.4079911 | G8: 2839 | H8: 1.0658323 | I8: 1.16 | J8: 1 | K8: 3510.0416 | L8: 0.79438157 | M8: 4306 | N8: 1.0658323 | O8: 1.16 | P8: 1 | Q8: 5323.7898 | R8: 0.82896008 | S8: 1.0658323 | T8: 1.16 | U8: 41318.099 | V8: 0.9658387 | W8: 1 | Y8: 33419 | Z8: 0.77625063 | AA8: 1 | AB8: 33419 | AC8: 0.77625063 | AN8: =$AG$32*F8 -> 0.21119866 | AO8: =$AH$32*L8 -> 0.071494341 | AP8: =$AI$32*R8 -> 0.10776481 | AQ8: =$AJ$32*V8 -> 0.086925483 | AR8: =$AK$32*Z8 -> 0.093150076 | AS8: =$AL$32*AF8 -> 0 | AT8: =$AM$32*AC8 -> 0.27945023 | AU8: =AN8+AO8+AP8+AQ8+AT8+AR8+AS8 -> 0.8499836
A9: 4 | B9: Вурнарский | C9: 31105 | D9: 0.6051137 | E9: 18822.062 | F9: 1.512736 | G9: 2498 | H9: 1.3003801 | I9: 1.1378441 | J9: 1 | K9: 3696.1153 | L9: 0.89872256 | M9: 4099 | N9: 1.3003801 | O9: 1.1378441 | P9: 1 | Q9: 6065.0026 | R9: 1.0146283 | S9: 1.3003801 | T9: 1.1378441 | U9: 46023.886 | V9: 1.1558748 | W9: 1 | Y9: 31105 | Z9: 0.77625063 | AA9: 1 | AB9: 31105 | AC9: 0.77625063 | AN9: =$AG$32*F9 -> 0.2269104 | AO9: =$AH$32*L9 -> 0.080885031 | AP9: =$AI$32*R9 -> 0.13190167 | AQ9: =$AJ$32*V9 -> 0.10402873 | AR9: =$AK$32*Z9 -> 0.093150076 | AS9: =$AL$32*AF9 -> 0 | AT9: =$AM$32*AC9 -> 0.27945023 | AU9: =AN9+AO9+AP9+AQ9+AT9+AR9+AS9 -> 0.91632614
A10: 5 | B10: Ибресинский | C10: 22893 | D10: 0.8221754 | E10: 18822.062 | F10: 2.055373 | G10: 1771 | H10: 1.0955683 | I10: 1.1732582 | J10: 1 | K10: 2276.4158 | L10: 0.75207167 | M10: 2917 | N10: 1.0955683 | O10: 1.1732582 | P10: 1 | Q10: 3749.4664 | R10: 0.85226161 | S10: 1.0955683 | T10: 1.1732582 | U10: 29426.306 | V10: 1.0041319 | W10: 1 | Y10: 22893 | Z10: 0.77625063 | AA10: 1 | AB10: 22893 | AC10: 0.77625063 | AN10: =$AG$32*F10 -> 0.30830595 | AO10: =$AH$32*L10 -> 0.06768645 | AP10: =$AI$32*R10 -> 0.11079401 | AQ10: =$AJ$32*V10 -> 0.090371871 | AR10: =$AK$32*Z10 -> 0.093150076 | AS10: =$AL$32*AF10 -> 0 | AT10: =$AM$32*AC10 -> 0.27945023 | AU10: =AN10+AO10+AP10+AQ10+AT10+AR10+AS10 -> 0.94975858
A11: 6 | B11: Канашский | C11: 34528 | D11: 0.54512458 | E11: 18822.062 | F11: 1.362768 | G11: 2763 | H11: 1.2385148 | I11: 1.1557586 | J11: 1 | K11: 3955.0249 | L11: 0.86633955 | M11: 4022 | N11: 1.2385148 | O11: 1.1557586 | P11: 1 | Q11: 5757.1879 | R11: 0.86765115 | S11: 1.2385148 | T11: 1.1557586 | U11: 49424.213 | V11: 1.1182169 | W11: 1 | Y11: 34528 | Z11: 0.77625063 | AA11: 1 | AB11: 34528 | AC11: 0.77625063 | AN11: =$AG$32*F11 -> 0.2044152 | AO11: =$AH$32*L11 -> 0.077970559 | AP11: =$AI$32*R11 -> 0.11279465 | AQ11: =$AJ$32*V11 -> 0.10063952 | AR11: =$AK$32*Z11 -> 0.093150076 | AS11: =$AL$32*AF11 -> 0 | AT11: =$AM$32*AC11 -> 0.27945023 | AU11: =AN11+AO11+AP11+AQ11+AT11+AR11+AS11 -> 0.86842024
A12: 7 | B12: Козловский | C12: 18445 | D12: 1.0204425 | E12: 18822.062 | F12: 2.5510249 | G12: 1069 | H12: 1.2126672 | I12: 1.1570181 | J12: 1.0112632 | K12: 1516.7839 | L12: 0.62194988 | M12: 2003 | N12: 1.2126672 | O12: 1.1570181 | P12: 1.0112632 | Q12: 2842.0188 | R12: 0.80177859 | S12: 1.2126672 | T12: 1.1570181 | U12: 25879.773 | V12: 1.0960731 | W12: 1.0112632 | Y12: 18652.75 | Z12: 0.78499369 | AA12: 1.0112632 | AB12: 18652.75 | AC12: 0.78499369 | AN12: =$AG$32*F12 -> 0.38265373 | AO12: =$AH$32*L12 -> 0.055975489 | AP12: =$AI$32*R12 -> 0.10423122 | AQ12: =$AJ$32*V12 -> 0.098646581 | AR12: =$AK$32*Z12 -> 0.094199243 | AS12: =$AL$32*AF12 -> 0 | AT12: =$AM$32*AC12 -> 0.28259773 | AU12: =AN12+AO12+AP12+AQ12+AT12+AR12+AS12 -> 1.018304
A13: 8 | B13: Комсомольский | C13: 24567 | D13: 0.76615222 | E13: 18822.062 | F13: 1.9153195 | G13: 1907 | H13: 1.1876243 | I13: 1.1235613 | J13: 1 | K13: 2544.6409 | L13: 0.78340208 | M13: 3109 | N13: 1.1876243 | O13: 1.1235613 | P13: 1 | Q13: 4148.552 | R13: 0.87872013 | S13: 1.1876243 | T13: 1.1235613 | U13: 32781.433 | V13: 1.0423979 | W13: 1 | Y13: 24567 | Z13: 0.77625063 | AA13: 1 | AB13: 24567 | AC13: 0.77625063 | AN13: =$AG$32*F13 -> 0.28729792 | AO13: =$AH$32*L13 -> 0.070506187 | AP13: =$AI$32*R13 -> 0.11423362 | AQ13: =$AJ$32*V13 -> 0.093815814 | AR13: =$AK$32*Z13 -> 0.093150076 | AS13: =$AL$32*AF13 -> 0 | AT13: =$AM$32*AC13 -> 0.27945023 | AU13: =AN13+AO13+AP13+AQ13+AT13+AR13+AS13 -> 0.93845384
A14: 9 | B14: Красноармейский | C14: 13849 | D14: 1.3590917 | E14: 18822.062 | F14: 3.397621 | G14: 1142 | H14: 1.4329595 | I14: 1.1521975 | J14: 1 | K14: 1885.5018 | L14: 1.0297194 | M14: 1518 | N14: 1.4329595 | O14: 1.1521975 | P14: 1 | Q14: 2506.2975 | R14: 0.94171692 | S14: 1.4329595 | T14: 1.1521975 | U14: 22865.424 | V14: 1.2897887 | W14: 1 | Y14: 13849 | Z14: 0.77625063 | AA14: 1 | AB14: 13849 | AC14: 0.77625063 | AN14: =$AG$32*F14 -> 0.50964316 | AO14: =$AH$32*L14 -> 0.092674743 | AP14: =$AI$32*R14 -> 0.1224232 | AQ14: =$AJ$32*V14 -> 0.11608099 | AR14: =$AK$32*Z14 -> 0.093150076 | AS14: =$AL$32*AF14 -> 0 | AT14: =$AM$32*AC14 -> 0.27945023 | AU14: =AN14+AO14+AP14+AQ14+AT14+AR14+AS14 -> 1.2134224
A15: 10 | B15: Красночетайский | C15: 13568 | D15: 1.3872392 | E15: 18822.062 | F15: 3.4679875 | G15: 887 | H15: 1.4242838 | I15: 1.1227667 | J15: 1 | K15: 1418.4357 | L15: 0.7906862 | M15: 1431 | N15: 1.4242838 | O15: 1.1227667 | P15: 1 | Q15: 2288.367 | R15: 0.87763917 | S15: 1.4242838 | T15: 1.1227667 | U15: 21697.109 | V15: 1.2492339 | W15: 1 | Y15: 13568 | Z15: 0.77625063 | AA15: 1 | AB15: 13568 | AC15: 0.77625063 | AN15: =$AG$32*F15 -> 0.52019812 | AO15: =$AH$32*L15 -> 0.071161758 | AP15: =$AI$32*R15 -> 0.11409309 | AQ15: =$AJ$32*V15 -> 0.11243105 | AR15: =$AK$32*Z15 -> 0.093150076 | AS15: =$AL$32*AF15 -> 0 | AT15: =$AM$32*AC15 -> 0.27945023 | AU15: =AN15+AO15+AP15+AQ15+AT15+AR15+AS15 -> 1.1904843
A16: 11 | B16: Марпосадский | C16: 21562 | D16: 0.87292744 | E16: 18822.062 | F16: 2.182249 | G16: 1596 | H16: 1.2431082 | I16: 1.1480535 | J16: 1.0110945 | K16: 2303.0093 | L16: 0.80782444 | M16: 2414 | N16: 1.2431082 | O16: 1.1480535 | P16: 1.0110945 | Q16: 3483.3737 | R16: 0.84065382 | S16: 1.2431082 | T16: 1.1480535 | U16: 30772.31 | V16: 1.1148817 | W16: 1.0110945 | Y16: 21801.22 | Z16: 0.78486275 | AA16: 1.0110945 | AB16: 21801.22 | AC16: 0.78486275 | AN16: =$AG$32*F16 -> 0.32733736 | AO16: =$AH$32*L16 -> 0.072704199 | AP16: =$AI$32*R16 -> 0.109285 | AQ16: =$AJ$32*V16 -> 0.10033935 | AR16: =$AK$32*Z16 -> 0.09418353 | AS16: =$AL$32*AF16 -> 0 | AT16: =$AM$32*AC16 -> 0.28255059 | AU16: =AN16+AO16+AP16+AQ16+AT16+AR16+AS16 -> 0.98640002
A17: 12 | B17: Моргаушский | C17: 32107 | D17: 0.58622922 | E17: 18822.062 | F17: 1.4655263 | G17: 2411 | H17: 1.4408908 | I17: 1.1740884 | J17: 1 | K17: 4078.7686 | L17: 0.96081479 | M17: 3840 | N17: 1.4408908 | O17: 1.1740884 | P17: 1 | Q17: 6496.2553 | R17: 1.0528573 | S17: 1.4408908 | T17: 1.1740884 | U17: 54316.476 | V17: 1.3215682 | W17: 1 | Y17: 32107 | Z17: 0.77625063 | AA17: 1 | AB17: 32107 | AC17: 0.77625063 | AN17: =$AG$32*F17 -> 0.21982895 | AO17: =$AH$32*L17 -> 0.086473331 | AP17: =$AI$32*R17 -> 0.13687145 | AQ17: =$AJ$32*V17 -> 0.11894114 | AR17: =$AK$32*Z17 -> 0.093150076 | AS17: =$AL$32*AF17 -> 0 | AT17: =$AM$32*AC17 -> 0.27945023 | AU17: =AN17+AO17+AP17+AQ17+AT17+AR17+AS17 -> 0.93471518
... A26: 21 | B26: Янтиковский | C26: 14069 | D26: 1.3378393 | E26: 18822.062 | F26: 3.3444917 | G26: 1008 | H26: 1.1815546 | I26: 1.1211103 | J26: 1 | K26: 1335.2503 | L26: 0.71781046 | M26: 1665 | N26: 1.1815546 | O26: 1.1211103 | P26: 1 | Q26: 2205.5473 | R26: 0.81575419 | S26: 1.1815546 | T26: 1.1211103 | U26: 18636.543 | V26: 1.0348082 | W26: 1 | Y26: 14069 | Z26: 0.77625063 | AA26: 1 | AB26: 14069 | AC26: 0.77625063 | AN26: =$AG$32*F26 -> 0.50167376 | AO26: =$AH$32*L26 -> 0.064602941 | AP26: =$AI$32*R26 -> 0.10604804 | AQ26: =$AJ$32*V26 -> 0.093132739 | AR26: =$AK$32*Z26 -> 0.093150076 | AS26: =$AL$32*AF26 -> 0 | AT26: =$AM$32*AC26 -> 0.27945023 | AU26: =AN26+AO26+AP26+AQ26+AT26+AR26+AS26 -> 1.1380578
A27: 22 | B27: г. Алатырь | C27: 34176 | D27: 0.55073916 | E27: 18822.062 | F27: 1.376804 | G27: 2193 | H27: 1 | I27: 1.2934939 | J27: 1.0443469 | K27: 2962.4279 | L27: 0.65559691 | M27: 3466 | N27: 1 | O27: 1.2934939 | P27: 1.0443469 | Q27: 4682.068 | R27: 0.71289021 | S27: 1 | T27: 1.2934939 | U27: 44206.448 | V27: 1.010467 | W27: 1.0443469 | Y27: 35691.598 | Z27: 0.81067491 | AA27: 1.0443469 | AB27: 35691.598 | AC27: 0.81067491 | AD27: 2.4110158 | AE27: 82398.877 | AF27: 3.4110158 | AN27: =$AG$32*F27 -> 0.2065206 | AO27: =$AH$32*L27 -> 0.059003722 | AP27: =$AI$32*R27 -> 0.092675728 | AQ27: =$AJ$32*V27 -> 0.090942027 | AR27: =$AK$32*Z27 -> 0.09728099 | AS27: =$AL$32*AF27 -> 0.20466095 | AT27: =$AM$32*AC27 -> 0.29184297 | AU27: =AN27+AO27+AP27+AQ27+AT27+AR27+AS27 -> 1.042927
A28: 23 | B28: г. Канаш | C28: 45222 | D28: 0.41621471 | E28: 18822.062 | F28: 1.0405036 | G28: 4039 | H28: 1 | I28: 1.2249681 | J28: 1.0586802 | K28: 5237.9748 | L28: 0.87604009 | M28: 6724 | N28: 1 | O28: 1.2249681 | P28: 1.0586802 | Q28: 8720.0156 | R28: 1.003399 | S28: 1 | T28: 1.2249681 | U28: 55395.506 | V28: 0.95693513 | W28: 1.0586802 | Y28: 47875.635 | Z28: 0.82180116 | AA28: 1.0586802 | AB28: 47875.635 | AC28: 0.82180116 | AD28: 0.81795383 | AE28: 36989.508 | AF28: 1.8179538 | AN28: =$AG$32*F28 -> 0.15607554 | AO28: =$AH$32*L28 -> 0.078843608 | AP28: =$AI$32*R28 -> 0.13044187 | AQ28: =$AJ$32*V28 -> 0.086124162 | AR28: =$AK$32*Z28 -> 0.098616139 | AS28: =$AL$32*AF28 -> 0.10907723 | AT28: =$AM$32*AC28 -> 0.29584842 | AU28: =AN28+AO28+AP28+AQ28+AT28+AR28+AS28 -> 0.95502697
A29: 24 | B29: г. Новочебоксарск | C29: 127099 | D29: 0.14808977 | E29: 18822.062 | F29: 0.37021262 | G29: 8461 | H29: 1 | I29: 1.1 | J29: 1.1645282 | K29: 10838.381 | L29: 0.64495974 | M29: 16147 | N29: 1 | O29: 1.1 | P29: 1.1645282 | Q29: 20684.001 | R29: 0.84683457 | S29: 1 | T29: 1.1 | U29: 139808.9 | V29: 0.85931108 | W29: 1.1645282 | Y29: 148010.37 | Z29: 0.90396576 | AA29: 1.1645282 | AB29: 148010.37 | AC29: 0.90396576 | AD29: 0.79546477 | AE29: 101102.78 | AF29: 1.7954648 | AN29: =$AG$32*F29 -> 0.055531893 | AO29: =$AH$32*L29 -> 0.058046376 | AP29: =$AI$32*R29 -> 0.11008849 | AQ29: =$AJ$32*V29 -> 0.077337997 | AR29: =$AK$32*Z29 -> 0.10847589 | AS29: =$AL$32*AF29 -> 0.10772789 | AT29: =$AM$32*AC29 -> 0.32542768 | AU29: =AN29+AO29+AP29+AQ29+AT29+AR29+AS29 -> 0.84263621
A30: 25 | B30: г. Шумерля | C30: 28647 | D30: 0.6570343 | E30: 18822.062 | F30: 1.6425334 | G30: 2030 | H30: 1 | I30: 1.19 | J30: 1.0371724 | K30: 2505.4974 | L30: 0.66149284 | M30: 3532 | N30: 1 | O30: 1.19 | P30: 1.0371724 | Q30: 4359.3187 | R30: 0.79185495 | S30: 1 | T30: 1.19 | U30: 34089.93 | V30: 0.92961835 | W30: 1.0371724 | Y30: 29711.878 | Z30: 0.80510575 | AA30: 1.0371724 | AB30: 29711.878 | AC30: 0.80510575 | AD30: 0.91646877 | AE30: 26254.081 | AF30: 1.9164688 | AN30: =$AG$32*F30 -> 0.24638001 | AO30: =$AH$32*L30 -> 0.059534356 | AP30: =$AI$32*R30 -> 0.10294114 | AQ30: =$AJ$32*V30 -> 0.083665652 | AR30: =$AK$32*Z30 -> 0.09661269 | AS30: =$AL$32*AF30 -> 0.11498813 | AT30: =$AM$32*AC30 -> 0.28983807 | AU30: =AN30+AO30+AP30+AQ30+AT30+AR30+AS30 -> 0.99396004
A31: 26 | B31: г. Чебоксары | C31: 505800 | D31: 0.037212459 | E31: 18822.062 | F31: 0.093028181 | G31: 45161 | H31: 1 | I31: 1.1930015 | J31: 1.6427246 | K31: 88505.306 | L31: 1.3234295 | M31: 59322 | N31: 1 | O31: 1.1930015 | P31: 1.6427246 | Q31: 116257.65 | R31: 1.1960488 | S31: 1 | T31: 1.1930015 | U31: 603420.17 | V31: 0.93196311 | W31: 1.6427246 | Y31: 830890.1 | Z31: 1.275166 | AA31: 1.6427246 | AB31: 830890.1 | AC31: 1.275166 | AD31: 0.97706358 | AE31: 494198.76 | AF31: 1.9770636 | AN31: =$AG$32*F31 -> 0.013954227 | AO31: =$AH$32*L31 -> 0.11910866 | AP31: =$AI$32*R31 -> 0.15548634 | AQ31: =$AJ$32*V31 -> 0.08387668 | AR31: =$AK$32*Z31 -> 0.15301992 | AS31: =$AL$32*AF31 -> 0.11862381 | AT31: =$AM$32*AC31 -> 0.45905976 | AU31: =AN31+AO31+AP31+AQ31+AT31+AR31+AS31 -> 1.1031294
B32: ВСЕГО | C32: 1223395 | D32: 0.015385106 | E32: 489373.6 | F32: 1 | G32: 98011 | H32: 1 | I32: 1 | J32: 2 | K32: 161754.5 | L32: 1 | M32: 145382 | N32: 1 | O32: 1 | P32: 2 | Q32: 235104.28 | R32: 1 | S32: 1 | T32: 1 | U32: 1566062.1 | V32: 1 | W32: 2 | Y32: 1576030.9 | Z32: 1 | AA32: 2 | AB32: 1576030.9 | AC32: 1 | AD32: 2 | AE32: 740944 | AF32: 1 | AG32: 0.15 | AH32: 0.09 | AI32: 0.13 | AJ32: 0.09 | AK32: 0.12 | AL32: 0.06 | AM32: =1-AG32-AH32-AI32-AJ32-AK32-AL32 -> 0.36 | AN32: =$AG$32*F32 -> 0.15 | AO32: =$AH$32*L32 -> 0.09 | AP32: =$AI$32*R32 -> 0.13 | AQ32: =$AJ$32*V32 -> 0.09 | AR32: =$AK$32*Z32 -> 0.12 | AS32: =$AL$32*AF32 -> 0.06 | AT32: =$AM$32*AC32 -> 0.36 | AU32: =AN32+AO32+AP32+AQ32+AT32+AR32+AS32 -> 1
B33: по городским округам | C33: 740944

Sheet ИНП 2020
J1: Расчет индекса налогового потенциала (ИНП) на 2020 год
C2: Средняя репрезентативная налоговая ставка
H3: № п/п | I3: Муниципальные районы городские округа | J3: Численность населения на 01.01.2019 | K3: ФОТ, данные Чувашстата за 2018 год, тыс. рублей НБij | L3: Прогноз НДФЛ, по субъекту, тыс. рублей Пдi | M3: Средняя ставка РСi | N3: НПндфл 15% ставка | O3: Базовая доходность (данные отчета ГНИ за 2018 год) | P3: Прогноз ЕНВД по субъекту, тыс. рублей | Q3: Средняя ставка РСi | R3: НПенвд | S3: Оценка | T3: Нпгосп | U3: Оценка | V3: Накциз | W3: НПj | X3: ИНПj
A4: № п/п | B4: Репрезентативные налоговые доходы | C4: Оценка доходов в консолидированный бюджет ЧР | D4: Суммарная налоговая база | E4: Средняя репрезентативная налоговая ставка
H5: 1 | I5: 2 | J5: 3 | K5: 4 | L5: 5 | M5: 6=гр.5/SUMгр.4 | N5: 7=гр.4*гр.6*15% | O5: 8 | P5: 9 | Q5: 10=гр.9/SUMгр.8 | R5: 11=гр.8*гр.10 | S5: 13 | T5: 14=гр.13 | U5: 15 | V5: 16=гр.15 | W5: 25=гр.7+гр.11+гр.14+гр.16 | X5: 26=(гр.25/гр.3)/ (SUMгр.25/SUMгр.3)
A6: 1 | B6: НДФЛ | C6: 12793328 | D6: 71061495 | E6: =C6/D6 -> 0.18003179 | H6: 1 | I6: Алатырский | J6: 14216 | K6: 292301.4 | M6: =$L$32/$K$32 -> 0.18036598 | N6: =K6*M6*0.15 -> 7908.1844 | O6: 42502 | Q6: =$P$32/$O$32 -> 0.067383473 | R6: =O6*Q6 -> 2863.9324 | S6: 790.5673 | T6: =S6 -> 790.5673 | U6: 2950.602 | V6: =U6 -> 2950.602 | W6: =N6+R6+T6+V6 -> 14513.286 | X6: =(W6/J6)/($W$32/$J$32) -> 0.39865236
A7: 2 | B7: ЕНВД | C7: 736335 | D7: 8704404 | E7: =C7/D7 -> 0.084593385 | H7: 2 | I7: Аликовский | J7: 15173 | K7: 374507.3 | M7: =$L$32/$K$32 -> 0.18036598 | N7: =K7*M7*0.15 -> 10132.257 | O7: 65243 | Q7: =$P$32/$O$32 -> 0.067383473 | R7: =O7*Q7 -> 4396.2999 | S7: 1585.6955 | T7: =S7 -> 1585.6955 | U7: 5359.879 | V7: =U7 -> 5359.879 | W7: =N7+R7+T7+V7 -> 21474.131 | X7: =(W7/J7)/($W$32/$J$32) -> 0.55264996
A8: 3 | B8: ЕСХ | C8: 28690.5 | D8: 399937 | E8: =C8/D8 -> 0.071737549 | H8: 3 | I8: Батыревский | J8: 33419 | K8: 903251.7 | M8: =$L$32/$K$32 -> 0.18036598 | N8: =K8*M8*0.15 -> 24437.382 | O8: 198246 | Q8: =$P$32/$O$32 -> 0.067383473 | R8: =O8*Q8 -> 13358.504 | S8: 4079.9334 | T8: =S8 -> 4079.9334 | U8: 3092.9221 | V8: =U8 -> 3092.9221 | W8: =N8+R8+T8+V8 -> 44968.742 | X8: =(W8/J8)/($W$32/$J$32) -> 0.52544018
A9: 4 | B9: ЗН | C9: 707808.5 | D9: 141285941 | E9: =C9/D9 -> 0.0050097589 | H9: 4 | I9: Вурнарский | J9: 31105 | K9: 1592161.7 | M9: =$L$32/$K$32 -> 0.18036598 | N9: =K9*M9*0.15 -> 43075.771 | O9: 191370 | Q9: =$P$32/$O$32 -> 0.067383473 | R9: =O9*Q9 -> 12895.175 | S9: 3254.5756 | T9: =S9 -> 3254.5756 | U9: 4386.5108 | V9: =U9 -> 4386.5108 | W9: =N9+R9+T9+V9 -> 63612.033 | X9: =(W9/J9)/($W$32/$J$32) -> 0.79857382
A10: 5 | B10: НИФЛ | C10: 166334.8 | D10: 414965447 | E10: =C10/D10 -> 0.00040084012 | H10: 5 | I10: Ибресинский | J10: 22893 | K10: 601036.9 | M10: =$L$32/$K$32 -> 0.18036598 | N10: =K10*M10*0.15 -> 16260.992 | O10: 110917 | Q10: =$P$32/$O$32 -> 0.067383473 | R10: =O10*Q10 -> 7473.9727 | S10: 2221.2176 | T10: =S10 -> 2221.2176 | U10: 3291.1538 | V10: =U10 -> 3291.1538 | W10: =N10+R10+T10+V10 -> 29247.336 | X10: =(W10/J10)/($W$32/$J$32) -> 0.49887254
A11: 6 | B11: Госпошлина | C11: 287557.2 | H11: 6 | I11: Канашский | J11: 34528 | K11: 644228.8 | M11: =$L$32/$K$32 -> 0.18036598 | N11: =K11*M11*0.15 -> 17429.544 | O11: 91281 | Q11: =$P$32/$O$32 -> 0.067383473 | R11: =O11*Q11 -> 6150.8308 | S11: 1133.2562 | T11: =S11 -> 1133.2562 | U11: 4915.1285 | V11: =U11 -> 4915.1285 | W11: =N11+R11+T11+V11 -> 29628.76 | X11: =(W11/J11)/($W$32/$J$32) -> 0.33507964
H12: 7 | I12: Козловский | J12: 18445 | K12: 703088.5 | M12: =$L$32/$K$32 -> 0.18036598 | N12: =K12*M12*0.15 -> 19021.987 | O12: 107708 | Q12: =$P$32/$O$32 -> 0.067383473 | R12: =O12*Q12 -> 7257.7391 | S12: 2277.9327 | T12: =S12 -> 2277.9327 | U12: 3227.618 | V12: =U12 -> 3227.618 | W12: =N12+R12+T12+V12 -> 31785.277 | X12: =(W12/J12)/($W$32/$J$32) -> 0.67290436
H13: 8 | I13: Комсомольский | J13: 24567 | K13: 563239 | M13: =$L$32/$K$32 -> 0.18036598 | N13: =K13*M13*0.15 -> 15238.373 | O13: 180222 | Q13: =$P$32/$O$32 -> 0.067383473 | R13: =O13*Q13 -> 12143.984 | S13: 2247.3278 | T13: =S13 -> 2247.3278 | U13: 2759.9946 | V13: =U13 -> 2759.9946 | W13: =N13+R13+T13+V13 -> 32389.68 | X13: =(W13/J13)/($W$32/$J$32) -> 0.51482607
H14: 9 | I14: Красноармейский | J14: 13849 | K14: 740978.1 | M14: =$L$32/$K$32 -> 0.18036598 | N14: =K14*M14*0.15 -> 20047.086 | O14: 63247 | Q14: =$P$32/$O$32 -> 0.067383473 | R14: =O14*Q14 -> 4261.8025 | S14: 1420.3068 | T14: =S14 -> 1420.3068 | U14: 3847.7273 | V14: =U14 -> 3847.7273 | W14: =N14+R14+T14+V14 -> 29576.923 | X14: =(W14/J14)/($W$32/$J$32) -> 0.83395108
H15: 10 | I15: Красночетайский | J15: 13568 | K15: 354775.4 | M15: =$L$32/$K$32 -> 0.18036598 | N15: =K15*M15*0.15 -> 9598.412 | O15: 51574 | Q15: =$P$32/$O$32 -> 0.067383473 | R15: =O15*Q15 -> 3475.2352 | S15: 1353.6458 | T15: =S15 -> 1353.6458 | U15: 3606.2913 | V15: =U15 -> 3606.2913 | W15: =N15+R15+T15+V15 -> 18033.584 | X15: =(W15/J15)/($W$32/$J$32) -> 0.51900581
H16: 11 | I16: Марпосадский | J16: 21562 | K16: 564588.8 | M16: =$L$32/$K$32 -> 0.18036598 | N16: =K16*M16*0.15 -> 15274.892 | O16: 85985 | Q16: =$P$32/$O$32 -> 0.067383473 | R16: =O16*Q16 -> 5793.9679 | S16: 2637.1085 | T16: =S16 -> 2637.1085 | U16: 5131.1502 | V16: =U16 -> 5131.1502 | W16: =N16+R16+T16+V16 -> 28837.119 | X16: =(W16/J16)/($W$32/$J$32) -> 0.52223842
H17: 12 | I17: Моргаушский | J17: 32107 | K17: 1255084.8 | M17: =$L$32/$K$32 -> 0.18036598 | N17: =K17*M17*0.15 -> 33956.19 | O17: 159157 | Q17: =$P$32/$O$32 -> 0.067383473 | R17: =O17*Q17 -> 10724.551 | S17: 3163.7065 | T17: =S17 -> 3163.7065 | U17: 5337.0062 | V17: =U17 -> 5337.0062 | W17: =N17+R17+T17+V17 -> 53181.454 | X17: =(W17/J17)/($W$32/$J$32) -> 0.64679474
H18: 13 | I18: Порецкий | J18: 11903 | K18: 381023.7 | M18: =$L$32/$K$32 -> 0.18036598 | N18: =K18*M18*0.15 -> 10308.557 | O18: 52579 | Q18: =$P$32/$O$32 -> 0.067383473 | R18: =O18*Q18 -> 3542.9556 | S18: 1049.2659 | T18: =S18 -> 1049.2659 | U18: 2081.4324 | V18: =U18 -> 2081.4324 | W18: =N18+R18+T18+V18 -> 16982.211 | X18: =(W18/J18)/($W$32/$J$32) -> 0.55711365
H19: 14 | I19: Урмарский | J19: 22204 | K19: 515702.7 | M19: =$L$32/$K$32 -> 0.18036598 | N19: =K19*M19*0.15 -> 13952.284 | O19: 91798 | Q19: =$P$32/$O$32 -> 0.067383473 | R19: =O19*Q19 -> 6185.6681 | S19: 2371.93 | T19: =S19 -> 2371.93 | U19: 4165.4062 | V19: =U19 -> 4165.4062 | W19: =N19+R19+T19+V19 -> 26675.288 | X19: =(W19/J19)/($W$32/$J$32) -> 0.46911994
H20: 15 | I20: Цивильский | J20: 35375 | K20: 1862058.5 | M20: =$L$32/$K$32 -> 0.18036598 | N20: =K20*M20*0.15 -> 50377.802 | O20: 147544 | Q20: =$P$32/$O$32 -> 0.067383473 | R20: =O20*Q20 -> 9942.0271 | S20: 4063.8339 | T20: =S20 -> 4063.8339 | U20: 6526.3961 | V20: =U20 -> 6526.3961 | W20: =N20+R20+T20+V20 -> 70910.059 | X20: =(W20/J20)/($W$32/$J$32) -> 0.78273976
H21: 16 | I21: Чебоксарский | J21: 62039 | K21: 2528680.9 | M21: =$L$32/$K$32 -> 0.18036598 | N21: =K21*M21*0.15 -> 68413.202 | O21: 276558 | Q21: =$P$32/$O$32 -> 0.067383473 | R21: =O21*Q21 -> 18635.439 | S21: 6992.1419 | T21: =S21 -> 6992.1419 | U21: 7151.5883 | V21: =U21 -> 7151.5883 | W21: =N21+R21+T21+V21 -> 101192.37 | X21: =(W21/J21)/($W$32/$J$32) -> 0.636926
H22: 17 | I22: Шемуршинский | J22: 11969 | K22: 326959.5 | M22: =$L$32/$K$32 -> 0.18036598 | N22: =K22*M22*0.15 -> 8845.8557 | O22: 50397 | Q22: =$P$32/$O$32 -> 0.067383473 | R22: =O22*Q22 -> 3395.9249 | S22: 1008.7611 | T22: =S22 -> 1008.7611 | U22: 2935.3534 | V22: =U22 -> 2935.3534 | W22: =N22+R22+T22+V22 -> 16185.895 | X22: =(W22/J22)/($W$32/$J$32) -> 0.52806192
H23: 18 | I23: Шумерлинский | J23: 8495 | K23: 118487.5 | M23: =$L$32/$K$32 -> 0.18036598 | N23: =K23*M23*0.15 -> 3205.6671 | O23: 16730 | Q23: =$P$32/$O$32 -> 0.067383473 | R23: =O23*Q23 -> 1127.3255 | S23: 531.3535 | T23: =S23 -> 531.3535 | U23: 3222.5351 | V23: =U23 -> 3222.5351 | W23: =N23+R23+T23+V23 -> 8086.8813 | X23: =(W23/J23)/($W$32/$J$32) -> 0.37172664
... H28: 23 | I28: г. Канаш | J28: 45222 | K28: 3336099.2 | M28: =$L$32/$K$32 -> 0.18036598 | N28: =K28*M28*0.15 -> 90257.821 | O28: 478850 | Q28: =$P$32/$O$32 -> 0.067383473 | R28: =O28*Q28 -> 32266.576 | S28: 10004.533 | T28: =S28 -> 10004.533 | U28: 2292.3712 | V28: =U28 -> 2292.3712 | W28: =N28+R28+T28+V28 -> 134821.3 | X28: =(W28/J28)/($W$32/$J$32) -> 1.1641656
H29: 24 | I29: г. Новочебоксарск | J29: 127099 | K29: =7131328.4 -> 7131328.4 | M29: =$L$32/$K$32 -> 0.18036598 | N29: =K29*M29*0.15 -> 192937.36 | O29: 748438 | Q29: =$P$32/$O$32 -> 0.067383473 | R29: =O29*Q29 -> 50432.352 | S29: 21444.308 | T29: =S29 -> 21444.308 | U29: 5445 | V29: =U29 -> 5445 | W29: =N29+R29+T29+V29 -> 270259.02 | X29: =(W29/J29)/($W$32/$J$32) -> 0.83031725
H30: 25 | I30: г. Шумерля | J30: 28647 | K30: 2135784.3 | M30: =$L$32/$K$32 -> 0.18036598 | N30: =K30*M30*0.15 -> 57783.425 | O30: 206141 | Q30: =$P$32/$O$32 -> 0.067383473 | R30: =O30*Q30 -> 13890.497 | S30: 4813.2689 | T30: =S30 -> 4813.2689 | U30: 2421.9842 | V30: =U30 -> 2421.9842 | W30: =N30+R30+T30+V30 -> 78909.175 | X30: =(W30/J30)/($W$32/$J$32) -> 1.0756088
H31: 26 | I31: г. Чебоксары | J31: 505800 | K31: =50712014.7 -> 50712015 | M31: =$L$32/$K$32 -> 0.18036598 | N31: =K31*M31*0.15 -> 1372008.4 | O31: 4763915 | Q31: =$P$32/$O$32 -> 0.067383473 | R31: =O31*Q31 -> 321009.14 | S31: 120784.77 | T31: =S31 -> 120784.77 | U31: 8942.08 | V31: =U31 -> 8942.08 | W31: =N31+R31+T31+V31 -> 1822744.3 | X31: =(W31/J31)/($W$32/$J$32) -> 1.4071906
I32: ВСЕГО | J32: =SUM(J6:J31) -> 1223395 | K32: =SUM(K6:K31) -> 82104680 | L32: 14808891 | M32: =$L$32/$K$32 -> 0.18036598 | N32: =SUM(N6:N31) -> 2221333.7 | O32: =SUM(O6:O31) -> 8783311 | P32: 591850 | Q32: =$P$32/$O$32 -> 0.067383473 | R32: =SUM(R6:R31) -> 591850 | S32: =SUM(S6:S31) -> 210935.95 | T32: =SUM(T6:T31) -> 210935.95 | U32: =SUM(U6:U31) -> 108882.59 | V32: =SUM(V6:V31) -> 108882.59 | W32: =SUM(W6:W31) -> 3133002.2 | X32: =(W32/J32)/($W$32/$J$32) -> 1
B34: Начальник отдела межбюджетных отношений | F34: Н.И. Никифорова

Sheet ИНП 2021
J1: Расчет индекса налогового потенциала (ИНП) на 2021 год
C2: Средняя репрезентативная налоговая ставка
H3: № п/п | I3: Муниципальные районы городские округа | J3: Численность населения на 01.01.2019 | K3: ФОТ, данные Чувашстата за 2018 год, тыс. рублей НБij | L3: Прогноз НДФЛ, по субъекту, тыс. рублей | M3: Средняя ставка РСi | N3: НПндфл 15% ставка | O3: Базовая доходность (данные отчета ГНИ за 2018 год) | P3: Прогноз ЕНВД по субъекту, тыс. рублей | Q3: Средняя ставка РСi | R3: НПенвд | S3: Оценка | T3: Нпгосп | U3: Оценка | V3: Накциз | W3: НПj | X3: ИНПj
A4: № п/п | B4: Репрезентативные налоговые доходы | C4: Оценка доходов в консолидированный бюджет ЧР | D4: Суммарная налоговая база | E4: Средняя репрезентативная налоговая ставка
H5: 1 | I5: 2 | J5: 3 | K5: 4 | L5: 5 | M5: 6=гр.5/SUMгр.4 | N5: 7=гр.4*гр.6*15% | O5: 8 | P5: 9 | Q5: 10=гр.9/SUMгр.8 | R5: 11=гр.8*гр.10 | S5: 13 | T5: 14=гр.13 | U5: 15 | V5: 16=гр.15 | W5: 25=гр.7+гр.11+гр.14+гр.16 | X5: 26=(гр.25/гр.3)/ (SUMгр.25/SUMгр.3)
A6: 1 | B6: НДФЛ | C6: 12793328 | D6: 71061495 | E6: =C6/D6 -> 0.18003179 | H6: 1 | I6: Алатырский | J6: 14216 | K6: ='ИНП 2020'!K6 -> 292301.4 | M6: =$L$32/$K$32 -> 0.18740025 | N6: =K6*M6*0.15 -> 8216.6035 | O6: 38915 | Q6: =$P$32/$O$32 -> 0.015334881 | R6: =O6*Q6 -> 596.7569 | S6: 790.5673 | T6: =S6 -> 790.5673 | U6: 3088.8223 | V6: =U6 -> 3088.8223 | W6: =N6+R6+T6+V6 -> 12692.75 | X6: =(W6/J6)/($W$32/$J$32) -> 0.39485297
A7: 2 | B7: ЕНВД | C7: 736335 | D7: 8704404 | E7: =C7/D7 -> 0.084593385 | H7: 2 | I7: Аликовский | J7: 15173 | K7: ='ИНП 2020'!K7 -> 374507.3 | M7: =$L$32/$K$32 -> 0.18740025 | N7: =K7*M7*0.15 -> 10527.415 | O7: 66108 | Q7: =$P$32/$O$32 -> 0.015334881 | R7: =O7*Q7 -> 1013.7583 | S7: 1585.6955 | T7: =S7 -> 1585.6955 | U7: 5610.9615 | V7: =U7 -> 5610.9615 | W7: =N7+R7+T7+V7 -> 18737.83 | X7: =(W7/J7)/($W$32/$J$32) -> 0.54614119
A8: 3 | B8: ЕСХ | C8: 28690.5 | D8: 399937 | E8: =C8/D8 -> 0.071737549 | H8: 3 | I8: Батыревский | J8: 33419 | K8: ='ИНП 2020'!K8 -> 903251.7 | M8: =$L$32/$K$32 -> 0.18740025 | N8: =K8*M8*0.15 -> 25390.44 | O8: =198283 -> 198283 | Q8: =$P$32/$O$32 -> 0.015334881 | R8: =O8*Q8 -> 3040.6462 | S8: 4079.9334 | T8: =S8 -> 4079.9334 | U8: 3237.8095 | V8: =U8 -> 3237.8095 | W8: =N8+R8+T8+V8 -> 35748.829 | X8: =(W8/J8)/($W$32/$J$32) -> 0.47307007
A9: 4 | B9: ЗН | C9: 707808.5 | D9: 141285941 | E9: =C9/D9 -> 0.0050097589 | H9: 4 | I9: Вурнарский | J9: 31105 | K9: ='ИНП 2020'!K9 -> 1592161.7 | M9: =$L$32/$K$32 -> 0.18740025 | N9: =K9*M9*0.15 -> 44755.726 | O9: =186684 -> 186684 | Q9: =$P$32/$O$32 -> 0.015334881 | R9: =O9*Q9 -> 2862.7769 | S9: 3254.5756 | T9: =S9 -> 3254.5756 | U9: 4591.996 | V9: =U9 -> 4591.996 | W9: =N9+R9+T9+V9 -> 55465.075 | X9: =(W9/J9)/($W$32/$J$32) -> 0.78858134
A10: 5 | B10: НИФЛ | C10: 166334.8 | D10: 414965447 | E10: =C10/D10 -> 0.00040084012 | H10: 5 | I10: Ибресинский | J10: 22893 | K10: ='ИНП 2020'!K10 -> 601036.9 | M10: =$L$32/$K$32 -> 0.18740025 | N10: =K10*M10*0.15 -> 16895.17 | O10: 125311 | Q10: =$P$32/$O$32 -> 0.015334881 | R10: =O10*Q10 -> 1921.6293 | S10: 2221.2176 | T10: =S10 -> 2221.2176 | U10: 3445.3272 | V10: =U10 -> 3445.3272 | W10: =N10+R10+T10+V10 -> 24483.344 | X10: =(W10/J10)/($W$32/$J$32) -> 0.47296078
A11: 6 | B11: Госпошлина | C11: 287557.2 | H11: 6 | I11: Канашский | J11: 34528 | K11: ='ИНП 2020'!K11 -> 644228.8 | M11: =$L$32/$K$32 -> 0.18740025 | N11: =K11*M11*0.15 -> 18109.296 | O11: 92534 | Q11: =$P$32/$O$32 -> 0.015334881 | R11: =O11*Q11 -> 1418.9979 | S11: 1133.2562 | T11: =S11 -> 1133.2562 | U11: 5145.3768 | V11: =U11 -> 5145.3768 | W11: =N11+R11+T11+V11 -> 25806.927 | X11: =(W11/J11)/($W$32/$J$32) -> 0.33053844
H12: 7 | I12: Козловский | J12: 18445 | K12: ='ИНП 2020'!K12 -> 703088.5 | M12: =$L$32/$K$32 -> 0.18740025 | N12: =K12*M12*0.15 -> 19763.845 | O12: =107964 -> 107964 | Q12: =$P$32/$O$32 -> 0.015334881 | R12: =O12*Q12 -> 1655.6151 | S12: 2277.9327 | T12: =S12 -> 2277.9327 | U12: 3378.8151 | V12: =U12 -> 3378.8151 | W12: =N12+R12+T12+V12 -> 27076.208 | X12: =(W12/J12)/($W$32/$J$32) -> 0.64918171
H13: 8 | I13: Комсомольский | J13: 24567 | K13: ='ИНП 2020'!K13 -> 563239 | M13: =$L$32/$K$32 -> 0.18740025 | N13: =K13*M13*0.15 -> 15832.67 | O13: 175318 | Q13: =$P$32/$O$32 -> 0.015334881 | R13: =O13*Q13 -> 2688.4807 | S13: 2247.3278 | T13: =S13 -> 2247.3278 | U13: 2889.286 | V13: =U13 -> 2889.286 | W13: =N13+R13+T13+V13 -> 23657.764 | X13: =(W13/J13)/($W$32/$J$32) -> 0.42587159
H14: 9 | I14: Красноармейский | J14: 13849 | K14: ='ИНП 2020'!K14 -> 740978.1 | M14: =$L$32/$K$32 -> 0.18740025 | N14: =K14*M14*0.15 -> 20828.923 | O14: 62157 | Q14: =$P$32/$O$32 -> 0.015334881 | R14: =O14*Q14 -> 953.1702 | S14: 1420.3068 | T14: =S14 -> 1420.3068 | U14: 4027.9733 | V14: =U14 -> 4027.9733 | W14: =N14+R14+T14+V14 -> 27230.373 | X14: =(W14/J14)/($W$32/$J$32) -> 0.86954542
H15: 10 | I15: Красночетайский | J15: 13568 | K15: ='ИНП 2020'!K15 -> 354775.4 | M15: =$L$32/$K$32 -> 0.18740025 | N15: =K15*M15*0.15 -> 9972.7501 | O15: 55380 | Q15: =$P$32/$O$32 -> 0.015334881 | R15: =O15*Q15 -> 849.24571 | S15: 1353.6458 | T15: =S15 -> 1353.6458 | U15: 3775.2273 | V15: =U15 -> 3775.2273 | W15: =N15+R15+T15+V15 -> 15950.869 | X15: =(W15/J15)/($W$32/$J$32) -> 0.51990693
H16: 11 | I16: Марпосадский | J16: 21562 | K16: ='ИНП 2020'!K16 -> 564588.8 | M16: =$L$32/$K$32 -> 0.18740025 | N16: =K16*M16*0.15 -> 15870.613 | O16: 85725 | Q16: =$P$32/$O$32 -> 0.015334881 | R16: =O16*Q16 -> 1314.5827 | S16: 2637.1085 | T16: =S16 -> 2637.1085 | U16: 5371.5179 | V16: =U16 -> 5371.5179 | W16: =N16+R16+T16+V16 -> 25193.822 | X16: =(W16/J16)/($W$32/$J$32) -> 0.51672814
H17: 12 | I17: Моргаушский | J17: 32107 | K17: ='ИНП 2020'!K17 -> 1255084.8 | M17: =$L$32/$K$32 -> 0.18740025 | N17: =K17*M17*0.15 -> 35280.482 | O17: 151456 | Q17: =$P$32/$O$32 -> 0.015334881 | R17: =O17*Q17 -> 2322.5597 | S17: 3163.7065 | T17: =S17 -> 3163.7065 | U17: 5587.0172 | V17: =U17 -> 5587.0172 | W17: =N17+R17+T17+V17 -> 46353.765 | X17: =(W17/J17)/($W$32/$J$32) -> 0.63847278
H18: 13 | I18: Порецкий | J18: 11903 | K18: ='ИНП 2020'!K18 -> 381023.7 | M18: =$L$32/$K$32 -> 0.18740025 | N18: =K18*M18*0.15 -> 10710.591 | O18: 53196 | Q18: =$P$32/$O$32 -> 0.015334881 | R18: =O18*Q18 -> 815.75433 | S18: 1049.2659 | T18: =S18 -> 1049.2659 | U18: 2178.9367 | V18: =U18 -> 2178.9367 | W18: =N18+R18+T18+V18 -> 14754.548 | X18: =(W18/J18)/($W$32/$J$32) -> 0.54818427
H19: 14 | I19: Урмарский | J19: 22204 | K19: ='ИНП 2020'!K19 -> 515702.7 | M19: =$L$32/$K$32 -> 0.18740025 | N19: =K19*M19*0.15 -> 14496.423 | O19: 88657 | Q19: =$P$32/$O$32 -> 0.015334881 | R19: =O19*Q19 -> 1359.5445 | S19: 2371.93 | T19: =S19 -> 2371.93 | U19: 4360.5339 | V19: =U19 -> 4360.5339 | W19: =N19+R19+T19+V19 -> 22588.431 | X19: =(W19/J19)/($W$32/$J$32) -> 0.44989581
H20: 15 | I20: Цивильский | J20: 35375 | K20: ='ИНП 2020'!K20 -> 1862058.5 | M20: =$L$32/$K$32 -> 0.18740025 | N20: =K20*M20*0.15 -> 52342.536 | O20: 151881 | Q20: =$P$32/$O$32 -> 0.015334881 | R20: =O20*Q20 -> 2329.0771 | S20: 4063.8339 | T20: =S20 -> 4063.8339 | U20: 6832.1238 | V20: =U20 -> 6832.1238 | W20: =N20+R20+T20+V20 -> 65567.57 | X20: =(W20/J20)/($W$32/$J$32) -> 0.8196902
H21: 16 | I21: Чебоксарский | J21: 62039 | K21: ='ИНП 2020'!K21 -> 2528680.9 | M21: =$L$32/$K$32 -> 0.18740025 | N21: =K21*M21*0.15 -> 71081.317 | O21: 262957 | Q21: =$P$32/$O$32 -> 0.015334881 | R21: =O21*Q21 -> 4032.4143 | S21: 6992.1419 | T21: =S21 -> 6992.1419 | U21: 7486.603 | V21: =U21 -> 7486.603 | W21: =N21+R21+T21+V21 -> 89592.476 | X21: =(W21/J21)/($W$32/$J$32) -> 0.63865137
H22: 17 | I22: Шемуршинский | J22: 11969 | K22: ='ИНП 2020'!K22 -> 326959.5 | M22: =$L$32/$K$32 -> 0.18740025 | N22: =K22*M22*0.15 -> 9190.844 | O22: 64104 | Q22: =$P$32/$O$32 -> 0.015334881 | R22: =O22*Q22 -> 983.02722 | S22: 1008.7611 | T22: =S22 -> 1008.7611 | U22: 3072.8594 | V22: =U22 -> 3072.8594 | W22: =N22+R22+T22+V22 -> 14255.492 | X22: =(W22/J22)/($W$32/$J$32) -> 0.52672197
H23: 18 | I23: Шумерлинский | J23: 8495 | K23: ='ИНП 2020'!K23 -> 118487.5 | M23: =$L$32/$K$32 -> 0.18740025 | N23: =K23*M23*0.15 -> 3330.6882 | O23: 16951 | Q23: =$P$32/$O$32 -> 0.015334881 | R23: =O23*Q23 -> 259.94157 | S23: 531.3535 | T23: =S23 -> 531.3535 | U23: 3373.4942 | V23: =U23 -> 3373.4942 | W23: =N23+R23+T23+V23 -> 7495.4774 | X23: =(W23/J23)/($W$32/$J$32) -> 0.39020517
H24: 19 | I24: Ядринский | J24: 24672 | K24: ='ИНП 2020'!K24 -> 943402.9 | M24: =$L$32/$K$32 -> 0.18740025 | N24: =K24*M24*0.15 -> 26519.092 | O24: 187672 | Q24: =$P$32/$O$32 -> 0.015334881 | R24: =O24*Q24 -> 2877.9278 | S24: 3844.9258 | T24: =S24 -> 3844.9258 | U24: 5791.8745 | V24: =U24 -> 5791.8745 | W24: =N24+R24+T24+V24 -> 39033.82 | X24: =(W24/J24)/($W$32/$J$32) -> 0.69967087
... H28: 23 | I28: г. Канаш | J28: 45222 | K28: ='ИНП 2020'!K28 -> 3336099.2 | M28: =$L$32/$K$32 -> 0.18740025 | N28: =K28*M28*0.15 -> 93777.876 | O28: 479110 | Q28: =$P$32/$O$32 -> 0.015334881 | R28: =O28*Q28 -> 7347.0949 | S28: 10004.533 | T28: =S28 -> 10004.533 | U28: 2399.7569 | V28: =U28 -> 2399.7569 | W28: =N28+R28+T28+V28 -> 113529.26 | X28: =(W28/J28)/($W$32/$J$32) -> 1.1102356
H29: 24 | I29: г. Новочебоксарск | J29: 127099 | K29: ='ИНП 2020'!K29 -> 7131328.4 | M29: =$L$32/$K$32 -> 0.18740025 | N29: =K29*M29*0.15 -> 200461.91 | O29: =746590 -> 746590 | Q29: =$P$32/$O$32 -> 0.015334881 | R29: =O29*Q29 -> 11448.869 | S29: 18944.308 | T29: =S29 -> 18944.308 | U29: 4653.1871 | V29: =U29 -> 4653.1871 | W29: =N29+R29+T29+V29 -> 235508.28 | X29: =(W29/J29)/($W$32/$J$32) -> 0.81944752
H30: 25 | I30: г. Шумерля | J30: 28647 | K30: ='ИНП 2020'!K30 -> 2135784.3 | M30: =$L$32/$K$32 -> 0.18740025 | N30: =K30*M30*0.15 -> 60036.978 | O30: 229361 | Q30: =$P$32/$O$32 -> 0.015334881 | R30: =O30*Q30 -> 3517.2237 | S30: 4813.2689 | T30: =S30 -> 4813.2689 | U30: 2535.4416 | V30: =U30 -> 2535.4416 | W30: =N30+R30+T30+V30 -> 70902.912 | X30: =(W30/J30)/($W$32/$J$32) -> 1.0945662
H31: 26 | I31: г. Чебоксары | J31: 505800 | K31: ='ИНП 2020'!K31 -> 50712015 | M31: =$L$32/$K$32 -> 0.18740025 | N31: =K31*M31*0.15 -> 1425516.7 | O31: 4618601 | Q31: =$P$32/$O$32 -> 0.015334881 | R31: =O31*Q31 -> 70825.697 | S31: 123284.77 | T31: =S31 -> 123284.77 | U31: 10407.815 | V31: =U31 -> 10407.815 | W31: =N31+R31+T31+V31 -> 1630035 | X31: =(W31/J31)/($W$32/$J$32) -> 1.425198
I32: ВСЕГО | J32: =SUM(J6:J31) -> 1223395 | K32: =SUM(K6:K31) -> 82104680 | L32: 15386438 | M32: =$L$32/$K$32 -> 0.18740025 | N32: =SUM(N6:N31) -> 2307965.7 | O32: =SUM(O6:O31) -> 8704404 | P32: 133481 | Q32: =$P$32/$O$32 -> 0.015334881 | R32: =SUM(R6:R31) -> 133481 | S32: =SUM(S6:S31) -> 210935.95 | T32: =SUM(T6:T31) -> 210935.95 | U32: =SUM(U6:U31) -> 113983.13 | V32: =SUM(V6:V31) -> 113983.13 | W32: =SUM(W6:W31) -> 2766365.8 | X32: =(W32/J32)/($W$32/$J$32) -> 1

Sheet ИНП 2022
J1: Расчет индекса налогового потенциала (ИНП) на 2022 год
C2: Средняя репрезентативная налоговая ставка
H3: № п/п | I3: Муниципальные районы городские округа | J3: Численность населения на 01.01.2019 | K3: ФОТ, данные Чувашстата за 2018 год, тыс. рублей НБij | L3: Прогноз НДФЛ, по субъекту, тыс. рублей | M3: Средняя ставка РСi | N3: НПндфл 15% ставка | O3: Базовая доходность (данные отчета ГНИ за 2018 год) | P3: Прогноз ЕНВД по субъекту, тыс. рублей | Q3: Средняя ставка РСi | R3: НПенвд | S3: Оценка | T3: Нпгосп | U3: Оценка | V3: Накциз | W3: НПj | X3: ИНПj
A4: № п/п | B4: Репрезентативные налоговые доходы | C4: Оценка доходов в консолидированный бюджет ЧР | D4: Суммарная налоговая база | E4: Средняя репрезентативная налоговая ставка
H5: 1 | I5: 2 | J5: 3 | K5: 4 | L5: 5 | M5: 6=гр.5/SUMгр.4 | N5: 7=гр.4*гр.6*15% | O5: 8 | P5: 9 | Q5: 10=гр.9/SUMгр.8 | R5: 11=гр.8*гр.10 | S5: 13 | T5: 14=гр.13 | U5: 15 | V5: 16=гр.15 | W5: 25=гр.7+гр.11+гр.14+гр.16 | X5: 26=(гр.25/гр.3)/ (SUMгр.25/SUMгр.3)
A6: 1 | B6: НДФЛ | C6: 12793328 | D6: 71061495 | E6: =C6/D6 -> 0.18003179 | H6: 1 | I6: Алатырский | J6: 14216 | K6: ='ИНП 2020'!K6 -> 292301.4 | M6: =$L$32/$K$32 -> 0.19508367 | N6: =K6*M6*0.15 -> 8553.4843 | O6: 38915 | Q6: =$P$32/$O$32 -> 0 | R6: =O6*Q6 -> 0 | S6: 790.5673 | T6: =S6 -> 790.5673 | U6: 3625.0823 | V6: =U6 -> 3625.0823 | W6: =N6+R6+T6+V6 -> 12969.134 | X6: =(W6/J6)/($W$32/$J$32) -> 0.4062507
A7: 2 | B7: ЕНВД | C7: 736335 | D7: 8704404 | E7: =C7/D7 -> 0.084593385 | H7: 2 | I7: Аликовский | J7: 15173 | K7: ='ИНП 2020'!K7 -> 374507.3 | M7: =$L$32/$K$32 -> 0.19508367 | N7: =K7*M7*0.15 -> 10959.039 | O7: 66108 | Q7: =$P$32/$O$32 -> 0 | R7: =O7*Q7 -> 0 | S7: 1585.6955 | T7: =S7 -> 1585.6955 | U7: 6585.0978 | V7: =U7 -> 6585.0978 | W7: =N7+R7+T7+V7 -> 19129.832 | X7: =(W7/J7)/($W$32/$J$32) -> 0.561436
A8: 3 | B8: ЕСХ | C8: 28690.5 | D8: 399937 | E8: =C8/D8 -> 0.071737549 | H8: 3 | I8: Батыревский | J8: 33419 | K8: ='ИНП 2020'!K8 -> 903251.7 | M8: =$L$32/$K$32 -> 0.19508367 | N8: =K8*M8*0.15 -> 26431.448 | O8: =198283 -> 198283 | Q8: =$P$32/$O$32 -> 0 | R8: =O8*Q8 -> 0 | S8: 4079.9334 | T8: =S8 -> 4079.9334 | U8: 3799.9355 | V8: =U8 -> 3799.9355 | W8: =N8+R8+T8+V8 -> 34311.317 | X8: =(W8/J8)/($W$32/$J$32) -> 0.45719819
A9: 4 | B9: ЗН | C9: 707808.5 | D9: 141285941 | E9: =C9/D9 -> 0.0050097589 | H9: 4 | I9: Вурнарский | J9: 31105 | K9: ='ИНП 2020'!K9 -> 1592161.7 | M9: =$L$32/$K$32 -> 0.19508367 | N9: =K9*M9*0.15 -> 46590.711 | O9: =186684 -> 186684 | Q9: =$P$32/$O$32 -> 0 | R9: =O9*Q9 -> 0 | S9: 3254.5756 | T9: =S9 -> 3254.5756 | U9: 5389.2266 | V9: =U9 -> 5389.2266 | W9: =N9+R9+T9+V9 -> 55234.513 | X9: =(W9/J9)/($W$32/$J$32) -> 0.79075307
A10: 5 | B10: НИФЛ | C10: 166334.8 | D10: 414965447 | E10: =C10/D10 -> 0.00040084012 | H10: 5 | I10: Ибресинский | J10: 22893 | K10: ='ИНП 2020'!K10 -> 601036.9 | M10: =$L$32/$K$32 -> 0.19508367 | N10: =K10*M10*0.15 -> 17587.872 | O10: 125311 | Q10: =$P$32/$O$32 -> 0 | R10: =O10*Q10 -> 0 | S10: 2221.2176 | T10: =S10 -> 2221.2176 | U10: 4043.4811 | V10: =U10 -> 4043.4811 | W10: =N10+R10+T10+V10 -> 23852.571 | X10: =(W10/J10)/($W$32/$J$32) -> 0.46397337
A11: 6 | B11: Госпошлина | C11: 287557.2 | H11: 6 | I11: Канашский | J11: 34528 | K11: ='ИНП 2020'!K11 -> 644228.8 | M11: =$L$32/$K$32 -> 0.19508367 | N11: =K11*M11*0.15 -> 18851.777 | O11: 92534 | Q11: =$P$32/$O$32 -> 0 | R11: =O11*Q11 -> 0 | S11: 1133.2562 | T11: =S11 -> 1133.2562 | U11: 6038.6815 | V11: =U11 -> 6038.6815 | W11: =N11+R11+T11+V11 -> 26023.715 | X11: =(W11/J11)/($W$32/$J$32) -> 0.33562819
H12: 7 | I12: Козловский | J12: 18445 | K12: ='ИНП 2020'!K12 -> 703088.5 | M12: =$L$32/$K$32 -> 0.19508367 | N12: =K12*M12*0.15 -> 20574.162 | O12: =107964 -> 107964 | Q12: =$P$32/$O$32 -> 0 | R12: =O12*Q12 -> 0 | S12: 2277.9327 | T12: =S12 -> 2277.9327 | U12: 3965.4216 | V12: =U12 -> 3965.4216 | W12: =N12+R12+T12+V12 -> 26817.517 | X12: =(W12/J12)/($W$32/$J$32) -> 0.64744139
H13: 8 | I13: Комсомольский | J13: 24567 | K13: ='ИНП 2020'!K13 -> 563239 | M13: =$L$32/$K$32 -> 0.19508367 | N13: =K13*M13*0.15 -> 16481.809 | O13: 175318 | Q13: =$P$32/$O$32 -> 0 | R13: =O13*Q13 -> 0 | S13: 2247.3278 | T13: =S13 -> 2247.3278 | U13: 3390.9039 | V13: =U13 -> 3390.9039 | W13: =N13+R13+T13+V13 -> 22120.041 | X13: =(W13/J13)/($W$32/$J$32) -> 0.40095383
H14: 9 | I14: Красноармейский | J14: 13849 | K14: ='ИНП 2020'!K14 -> 740978.1 | M14: =$L$32/$K$32 -> 0.19508367 | N14: =K14*M14*0.15 -> 21682.909 | O14: 62157 | Q14: =$P$32/$O$32 -> 0 | R14: =O14*Q14 -> 0 | S14: 1420.3068 | T14: =S14 -> 1420.3068 | U14: 4727.2822 | V14: =U14 -> 4727.2822 | W14: =N14+R14+T14+V14 -> 27830.498 | X14: =(W14/J14)/($W$32/$J$32) -> 0.89487653
H15: 10 | I15: Красночетайский | J15: 13568 | K15: ='ИНП 2020'!K15 -> 354775.4 | M15: =$L$32/$K$32 -> 0.19508367 | N15: =K15*M15*0.15 -> 10381.633 | O15: 55380 | Q15: =$P$32/$O$32 -> 0 | R15: =O15*Q15 -> 0 | S15: 1353.6458 | T15: =S15 -> 1353.6458 | U15: 4430.6561 | V15: =U15 -> 4430.6561 | W15: =N15+R15+T15+V15 -> 16165.935 | X15: =(W15/J15)/($W$32/$J$32) -> 0.53057349
H16: 11 | I16: Марпосадский | J16: 21562 | K16: ='ИНП 2020'!K16 -> 564588.8 | M16: =$L$32/$K$32 -> 0.19508367 | N16: =K16*M16*0.15 -> 16521.308 | O16: 85725 | Q16: =$P$32/$O$32 -> 0 | R16: =O16*Q16 -> 0 | S16: 2637.1085 | T16: =S16 -> 2637.1085 | U16: 6304.0837 | V16: =U16 -> 6304.0837 | W16: =N16+R16+T16+V16 -> 25462.5 | X16: =(W16/J16)/($W$32/$J$32) -> 0.52586294
H17: 12 | I17: Моргаушский | J17: 32107 | K17: ='ИНП 2020'!K17 -> 1255084.8 | M17: =$L$32/$K$32 -> 0.19508367 | N17: =K17*M17*0.15 -> 36726.982 | O17: 151456 | Q17: =$P$32/$O$32 -> 0 | R17: =O17*Q17 -> 0 | S17: 3163.7065 | T17: =S17 -> 3163.7065 | U17: 6556.9964 | V17: =U17 -> 6556.9964 | W17: =N17+R17+T17+V17 -> 46447.684 | X17: =(W17/J17)/($W$32/$J$32) -> 0.6442062
H18: 13 | I18: Порецкий | J18: 11903 | K18: ='ИНП 2020'!K18 -> 381023.7 | M18: =$L$32/$K$32 -> 0.19508367 | N18: =K18*M18*0.15 -> 11149.725 | O18: 53196 | Q18: =$P$32/$O$32 -> 0 | R18: =O18*Q18 -> 0 | S18: 1049.2659 | T18: =S18 -> 1049.2659 | U18: 2557.2286 | V18: =U18 -> 2557.2286 | W18: =N18+R18+T18+V18 -> 14756.22 | X18: =(W18/J18)/($W$32/$J$32) -> 0.55205104
H19: 14 | I19: Урмарский | J19: 22204 | K19: ='ИНП 2020'!K19 -> 515702.7 | M19: =$L$32/$K$32 -> 0.19508367 | N19: =K19*M19*0.15 -> 15090.776 | O19: 88657 | Q19: =$P$32/$O$32 -> 0 | R19: =O19*Q19 -> 0 | S19: 2371.93 | T19: =S19 -> 2371.93 | U19: 5117.5796 | V19: =U19 -> 5117.5796 | W19: =N19+R19+T19+V19 -> 22580.286 | X19: =(W19/J19)/($W$32/$J$32) -> 0.45285459
H20: 15 | I20: Цивильский | J20: 35375 | K20: ='ИНП 2020'!K20 -> 1862058.5 | M20: =$L$32/$K$32 -> 0.19508367 | N20: =K20*M20*0.15 -> 54488.58 | O20: 151881 | Q20: =$P$32/$O$32 -> 0 | R20: =O20*Q20 -> 0 | S20: 4063.8339 | T20: =S20 -> 4063.8339 | U20: 8018.2699 | V20: =U20 -> 8018.2699 | W20: =N20+R20+T20+V20 -> 66570.683 | X20: =(W20/J20)/($W$32/$J$32) -> 0.838006
H21: 16 | I21: Чебоксарский | J21: 62039 | K21: ='ИНП 2020'!K21 -> 2528680.9 | M21: =$L$32/$K$32 -> 0.19508367 | N21: =K21*M21*0.15 -> 73995.651 | O21: 262957 | Q21: =$P$32/$O$32 -> 0 | R21: =O21*Q21 -> 0 | S21: 6992.1419 | T21: =S21 -> 6992.1419 | U21: 8786.3752 | V21: =U21 -> 8786.3752 | W21: =N21+R21+T21+V21 -> 89774.168 | X21: =(W21/J21)/($W$32/$J$32) -> 0.64438758
H22: 17 | I22: Шемуршинский | J22: 11969 | K22: ='ИНП 2020'!K22 -> 326959.5 | M22: =$L$32/$K$32 -> 0.19508367 | N22: =K22*M22*0.15 -> 9567.6687 | O22: 64104 | Q22: =$P$32/$O$32 -> 0 | R22: =O22*Q22 -> 0 | S22: 1008.7611 | T22: =S22 -> 1008.7611 | U22: 3606.348 | V22: =U22 -> 3606.348 | W22: =N22+R22+T22+V22 -> 14182.778 | X22: =(W22/J22)/($W$32/$J$32) -> 0.52767193
H23: 18 | I23: Шумерлинский | J23: 8495 | K23: ='ИНП 2020'!K23 -> 118487.5 | M23: =$L$32/$K$32 -> 0.19508367 | N23: =K23*M23*0.15 -> 3467.2464 | O23: 16951 | Q23: =$P$32/$O$32 -> 0 | R23: =O23*Q23 -> 0 | S23: 531.3535 | T23: =S23 -> 531.3535 | U23: 3959.1769 | V23: =U23 -> 3959.1769 | W23: =N23+R23+T23+V23 -> 7957.7768 | X23: =(W23/J23)/($W$32/$J$32) -> 0.41714681
H24: 19 | I24: Ядринский | J24: 24672 | K24: ='ИНП 2020'!K24 -> 943402.9 | M24: =$L$32/$K$32 -> 0.19508367 | N24: =K24*M24*0.15 -> 27606.374 | O24: 187672 | Q24: =$P$32/$O$32 -> 0 | R24: =O24*Q24 -> 0 | S24: 3844.9258 | T24: =S24 -> 3844.9258 | U24: 6797.4196 | V24: =U24 -> 6797.4196 | W24: =N24+R24+T24+V24 -> 38248.72 | X24: =(W24/J24)/($W$32/$J$32) -> 0.69035601
... H28: 23 | I28: г. Канаш | J28: 45222 | K28: ='ИНП 2020'!K28 -> 3336099.2 | M28: =$L$32/$K$32 -> 0.19508367 | N28: =K28*M28*0.15 -> 97622.769 | O28: 479110 | Q28: =$P$32/$O$32 -> 0 | R28: =O28*Q28 -> 0 | S28: 10004.533 | T28: =S28 -> 10004.533 | U28: 2816.3861 | V28: =U28 -> 2816.3861 | W28: =N28+R28+T28+V28 -> 110443.69 | X28: =(W28/J28)/($W$32/$J$32) -> 1.0875562
H29: 24 | I29: г. Новочебоксарск | J29: 127099 | K29: ='ИНП 2020'!K29 -> 7131328.4 | M29: =$L$32/$K$32 -> 0.19508367 | N29: =K29*M29*0.15 -> 208680.85 | O29: =746590 -> 746590 | Q29: =$P$32/$O$32 -> 0 | R29: =O29*Q29 -> 0 | S29: 18944.308 | T29: =S29 -> 18944.308 | U29: 5461.0413 | V29: =U29 -> 5461.0413 | W29: =N29+R29+T29+V29 -> 233086.2 | X29: =(W29/J29)/($W$32/$J$32) -> 0.81664817
H30: 25 | I30: г. Шумерля | J30: 28647 | K30: ='ИНП 2020'!K30 -> 2135784.3 | M30: =$L$32/$K$32 -> 0.19508367 | N30: =K30*M30*0.15 -> 62498.495 | O30: 229361 | Q30: =$P$32/$O$32 -> 0 | R30: =O30*Q30 -> 0 | S30: 4813.2689 | T30: =S30 -> 4813.2689 | U30: 2975.6274 | V30: =U30 -> 2975.6274 | W30: =N30+R30+T30+V30 -> 70287.391 | X30: =(W30/J30)/($W$32/$J$32) -> 1.0925941
H31: 26 | I31: г. Чебоксары | J31: 505800 | K31: ='ИНП 2020'!K31 -> 50712015 | M31: =$L$32/$K$32 -> 0.19508367 | N31: =K31*M31*0.15 -> 1483962.9 | O31: 4618601 | Q31: =$P$32/$O$32 -> 0 | R31: =O31*Q31 -> 0 | S31: 123284.77 | T31: =S31 -> 123284.77 | U31: 12214.748 | V31: =U31 -> 12214.748 | W31: =N31+R31+T31+V31 -> 1619462.4 | X31: =(W31/J31)/($W$32/$J$32) -> 1.4257803
I32: ВСЕГО | J32: =SUM(J6:J31) -> 1223395 | K32: =SUM(K6:K31) -> 82104680 | L32: 16017282 | M32: =$L$32/$K$32 -> 0.19508367 | N32: =SUM(N6:N31) -> 2402592.3 | O32: =SUM(O6:O31) -> 8704404 | P32: 0 | Q32: =$P$32/$O$32 -> 0 | R32: =SUM(R6:R31) -> 0 | S32: =SUM(S6:S31) -> 210935.95 | T32: =SUM(T6:T31) -> 210935.95 | U32: =SUM(U6:U31) -> 133772.09 | V32: =SUM(V6:V31) -> 133772.09 | W32: =SUM(W6:W31) -> 2747300.3 | X32: =(W32/J32)/($W$32/$J$32) -> 1

Sheet БО Дотац 2020
C4: Расчет размера дотации на выравнивание бюджетной обеспеченности муниципальных районов (городских округов) на 2020 год
A6: № п/п | B6: Муниципальные районы городские округа | C6: Численность населения на 01.01.2019 Н | D6: Прогноз налоговых и неналоговых доходов, НД | E6: Прогноз налоговых и неналоговых доходов на 1 жит населения | F6: ИБР | G6: ИНП | H6: БОj (ИНПj /ИБРj) | I6: БО крит SUМБОj/26хК | J6: Расчет Дотации | M6: Утверждено в Законе на 2020 год | O6: ИТОГО | P6: Разница Дj от Закона | Q6: ДПj (сумма дотации, установленная в Законе на плановый период) | R6: SUM (ДПj - Дj) Сумма необходимая для доведения до уровня, установленного в Законе на 2020 год | S6: ДОТАЦИЯ на 2020 год Дj1 | T6: в том числе: | V6: ДОТАЦИЯ на 2020 год Дj1 ОКРУГЛ | W6: в том числе:
J7: Оj | K7: Объем средств, необходимый для доведения уровня бюджетной обеспеченности Оj | L7: Дотация Дj | M7: дотация на выравнивание на 2020 год | N7: дополнительный норматив | T7: Дотация, заменяемая допнормативом от НДФЛ | U7: Дотация на 2020 год (прогноз) Дj2 | W7: Дотация, заменяемая допнормативом от НДФЛ ОКРУГЛ | X7: Дотация на 2020 год (прогноз) Дj2 ОКРУГЛ
B8: 1 | C8: 2 | D8: 3 | E8: 4 | F8: 5 | G8: 6 | H8: 7=гр.6/гр.7 | I8: 8=SUМгр.7/26*(k=2) | J8: 9=гр.4*(гр.8-гр.7)*гр.5*гр.2 | K8: 10=гр.9 | L8: 11=Фонд*гр10/SUMгр.10 | M8: 12 | N8: 13 | O8: 14 | P8: 15=гр.12-гр.14 | Q8: 16 | R8: 17=гр.12-гр.14 | S8: 18=гр.11+гр.17 | T8: 19 | U8: 20 | V8: 21 | W8: 22 | X8: 23
A9: 1 | B9: Алатырский | C9: 14216 | F9: 1.0900103 | G9: 0.39865236 | H9: =G9/F9 -> 0.36573265 | J9: =$E$35*($I$35-H9)*F9*C9 -> 67794.477 | K9: =J9 -> 67794.477 | L9: 67638.203 | M9: 9086.5 | N9: 22326.4 | O9: =M9+N9 -> 31412.9 | P9: =L9-O9 -> 36225.303 | Q9: =O9 -> 31412.9 | R9: 0 | S9: =R9+L9 -> 67638.203 | T9: 25861.771 | U9: =S9-T9 -> 41776.432 | V9: =ROUND(S9,1) -> 67638.2 | W9: =ROUND(T9,1) -> 25861.8 | X9: =V9-W9 -> 41776.4
A10: 2 | B10: Аликовский | C10: 15173 | F10: 1.1935746 | G10: 0.55264996 | H10: =G10/F10 -> 0.46302089 | J10: =$E$35*($I$35-H10)*F10*C10 -> 71406.067 | K10: =J10 -> 71406.067 | L10: 71241.468 | M10: 2849.9 | N10: 27981.2 | O10: =M10+N10 -> 30831.1 | P10: =L10-O10 -> 40410.368 | Q10: =O10 -> 30831.1 | R10: 0 | S10: =R10+L10 -> 71241.468 | T10: 31307.757 | U10: =S10-T10 -> 39933.711 | V10: =ROUND(S10,1) -> 71241.5 | W10: =ROUND(T10,1) -> 31307.8 | X10: =V10-W10 -> 39933.7
A11: 3 | B11: Батыревский | C11: 33419 | F11: 0.84980229 | G11: 0.52544018 | H11: =G11/F11 -> 0.61830874 | J11: =$E$35*($I$35-H11)*F11*C11 -> 92384.466 | K11: =J11 -> 92384.466 | L11: 92171.509 | M11: 5906.7 | N11: 60556.3 | O11: =M11+N11 -> 66463 | P11: =L11-O11 -> 25708.509 | Q11: =O11 -> 66463 | R11: 0 | S11: =R11+L11 -> 92171.509 | T11: 65106.311 | U11: =S11-T11 -> 27065.199 | V11: =ROUND(S11,1) -> 92171.5 | W11: =ROUND(T11,1) -> 65106.3 | X11: =V11-W11 -> 27065.2
A12: 4 | B12: Вурнарский | C12: 31105 | F12: 0.91510143 | G12: 0.79857382 | H12: =G12/F12 -> 0.87266154 | J12: =$E$35*($I$35-H12)*F12*C12 -> 60431.757 | K12: =J12 -> 60431.757 | L12: 60292.455 | M12: 0 | N12: 116475.7 | O12: =M12+N12 -> 116475.7 | P12: =L12-O12 -> -56183.245 | Q12: =O12 -> 116475.7 | R12: 56183.245 | S12: =R12+L12 -> 116475.7 | T12: 116475.74 | U12: =S12-T12 -> -0.037656395 | V12: =ROUND(S12,1) -> 116475.7 | W12: =ROUND(T12,1) -> 116475.7 | X12: =V12-W12 -> 0
A13: 5 | B13: Ибресинский | C13: 22893 | F13: 0.95000037 | G13: 0.49887254 | H13: =G13/F13 -> 0.52512878 | J13: =$E$35*($I$35-H13)*F13*C13 -> 79750.659 | K13: =J13 -> 79750.659 | L13: 79566.825 | M13: 1967 | N13: 45800.4 | O13: =M13+N13 -> 47767.4 | P13: =L13-O13 -> 31799.425 | Q13: =O13 -> 47767.4 | R13: 0 | S13: =R13+L13 -> 79566.825 | T13: 48768.726 | U13: =S13-T13 -> 30798.099 | V13: =ROUND(S13,1) -> 79566.8 | W13: =ROUND(T13,1) -> 48768.7 | X13: =V13-W13 -> 30798.1
A14: 6 | B14: Канашский | C14: 34528 | F14: 0.86751935 | G14: 0.33507964 | H14: =G14/F14 -> 0.38625034 | J14: =$E$35*($I$35-H14)*F14*C14 -> 128319.71 | K14: =J14 -> 128319.71 | L14: 128023.92 | M14: 30311.9 | N14: 43917.3 | O14: =M14+N14 -> 74229.2 | P14: =L14-O14 -> 53794.721 | Q14: =O14 -> 74229.2 | R14: 0 | S14: =R14+L14 -> 128023.92 | T14: 48038.359 | U14: =S14-T14 -> 79985.562 | V14: =ROUND(S14,1) -> 128023.9 | W14: =ROUND(T14,1) -> 48038.4 | X14: =V14-W14 -> 79985.5
A15: 7 | B15: Козловский | C15: 18445 | F15: 1.0199344 | G15: 0.67290436 | H15: =G15/F15 -> 0.65975257 | J15: =$E$35*($I$35-H15)*F15*C15 -> 57734.538 | K15: =J15 -> 57734.538 | L15: 57601.453 | M15: 1170.4 | N15: 59984 | O15: =M15+N15 -> 61154.4 | P15: =L15-O15 -> -3552.9471 | Q15: =O15 -> 61154.4 | R15: 3552.9471 | S15: =R15+L15 -> 61154.4 | T15: 61154.448 | U15: =S15-T15 -> -0.048272109 | V15: =ROUND(S15,1) -> 61154.4 | W15: =ROUND(T15,1) -> 61154.4 | X15: =V15-W15 -> 0
A16: 8 | B16: Комсомольский | C16: 24567 | F16: 0.93838233 | G16: 0.51482607 | H16: =G16/F16 -> 0.54863146 | J16: =$E$35*($I$35-H16)*F16*C16 -> 82128.645 | K16: =J16 -> 82128.645 | L16: 81939.329 | M16: 0 | N16: 51693.2 | O16: =M16+N16 -> 51693.2 | P16: =L16-O16 -> 30246.129 | Q16: =O16 -> 51693.2 | R16: 0 | S16: =R16+L16 -> 81939.329 | T16: 56837.6 | U16: =S16-T16 -> 25101.729 | V16: =ROUND(S16,1) -> 81939.3 | W16: =ROUND(T16,1) -> 56837.6 | X16: =V16-W16 -> 25101.7
A17: 9 | B17: Красноармейский | C17: 13849 | F17: 1.2108877 | G17: 0.83395108 | H17: =G17/F17 -> 0.6887105 | J17: =$E$35*($I$35-H17)*F17*C17 -> 49307.109 | K17: =J17 -> 49307.109 | L17: 49193.45 | M17: 752.9 | N17: 62492 | O17: =M17+N17 -> 63244.9 | P17: =L17-O17 -> -14051.45 | Q17: =O17 -> 63244.9 | R17: 14051.45 | S17: =R17+L17 -> 63244.9 | T17: 63244.873 | U17: =S17-T17 -> 0.027144974 | V17: =ROUND(S17,1) -> 63244.9 | W17: =ROUND(T17,1) -> 63244.9 | X17: =V17-W17 -> 0
A18: 10 | B18: Красночетайский | C18: 13568 | F18: 1.19034 | G18: 0.51900581 | H18: =G18/F18 -> 0.43601477 | J18: =$E$35*($I$35-H18)*F18*C18 -> 65617.324 | K18: =J18 -> 65617.324 | L18: 65466.068 | M18: 979.5 | N18: 27372 | O18: =M18+N18 -> 28351.5 | P18: =L18-O18 -> 37114.568 | Q18: =O18 -> 28351.5 | R18: 0 | S18: =R18+L18 -> 65466.068 | T18: 29327.307 | U18: =S18-T18 -> 36138.762 | V18: =ROUND(S18,1) -> 65466.1 | W18: =ROUND(T18,1) -> 29327.3 | X18: =V18-W18 -> 36138.8
A19: 11 | B19: Марпосадский | C19: 21562 | F19: 0.98617041 | G19: 0.52223842 | H19: =G19/F19 -> 0.52956205 | J19: =$E$35*($I$35-H19)*F19*C19 -> 77555.038 | K19: =J19 -> 77555.038 | L19: 77376.265 | M19: 2169.3 | N19: 41781.4 | O19: =M19+N19 -> 43950.7 | P19: =L19-O19 -> 33425.565 | Q19: =O19 -> 43950.7 | R19: 0 | S19: =R19+L19 -> 77376.265 | T19: 44937.814 | U19: =S19-T19 -> 32438.451 | V19: =ROUND(S19,1) -> 77376.3 | W19: =ROUND(T19,1) -> 44937.8 | X19: =V19-W19 -> 32438.5
A20: 12 | B20: Моргаушский | C20: 32107 | F20: 0.93286953 | G20: 0.64679474 | H20: =G20/F20 -> 0.69333891 | J20: =$E$35*($I$35-H20)*F20*C20 -> 87450.074 | K20: =J20 -> 87450.074 | L20: 87248.492 | M20: 3849.3 | N20: 90125.9 | O20: =M20+N20 -> 93975.2 | P20: =L20-O20 -> -6726.7081 | Q20: =O20 -> 93975.2 | R20: 6726.7081 | S20: =R20+L20 -> 93975.2 | T20: 93975.18 | U20: =S20-T20 -> 0.020274987 | V20: =ROUND(S20,1) -> 93975.2 | W20: =ROUND(T20,1) -> 93975.2 | X20: =V20-W20 -> 0
A21: 13 | B21: Порецкий | C21: 11903 | F21: 1.203287 | G21: 0.55711365 | H21: =G21/F21 -> 0.46299316 | J21: =$E$35*($I$35-H21)*F21*C21 -> 56474.621 | K21: =J21 -> 56474.621 | L21: 56344.44 | M21: 2525.3 | N21: 33927.2 | O21: =M21+N21 -> 36452.5 | P21: =L21-O21 -> 19891.94 | Q21: =O21 -> 36452.5 | R21: 0 | S21: =R21+L21 -> 56344.44 | T21: 35730.42 | U21: =S21-T21 -> 20614.02 | V21: 56344.5 | W21: =ROUND(T21,1) -> 35730.4 | X21: =V21-W21 -> 20614.1
A22: 14 | B22: Урмарский | C22: 22204 | F22: 0.96491162 | G22: 0.46911994 | H22: =G22/F22 -> 0.48617918 | J22: =$E$35*($I$35-H22)*F22*C22 -> 82271.722 | K22: =J22 -> 82271.722 | L22: 82082.076 | M22: 2898.5 | N22: 42338.8 | O22: =M22+N22 -> 45237.3 | P22: =L22-O22 -> 36844.776 | Q22: =O22 -> 45237.3 | R22: 0 | S22: =R22+L22 -> 82082.076 | T22: 46505.699 | U22: =S22-T22 -> 35576.377 | V22: =ROUND(S22,1) -> 82082.1 | W22: =ROUND(T22,1) -> 46505.7 | X22: =V22-W22 -> 35576.4
A23: 15 | B23: Цивильский | C23: 35375 | F23: 0.84159004 | G23: 0.78273976 | H23: =G23/F23 -> 0.93007251 | J23: =$E$35*($I$35-H23)*F23*C23 -> 55613.641 | K23: =J23 -> 55613.641 | L23: 55485.445 | M23: 0 | N23: 143730.5 | O23: =M23+N23 -> 143730.5 | P23: =L23-O23 -> -88245.055 | Q23: =O23 -> 143730.5 | R23: 88245.055 | S23: =R23+L23 -> 143730.5 | T23: 143730.54 | U23: =S23-T23 -> -0.037898815 | V23: =ROUND(S23,1) -> 143730.5 | W23: =ROUND(T23,1) -> 143730.5 | X23: =V23-W23 -> 0
A24: 16 | B24: Чебоксарский | C24: 62039 | F24: 0.7592841 | G24: 0.636926 | H24: =G24/F24 -> 0.83885071 | J24: =$E$35*($I$35-H24)*F24*C24 -> 107083.37 | K24: =J24 -> 107083.37 | L24: 106836.53 | M24: 0 | N24: 247119.2 | O24: =M24+N24 -> 247119.2 | P24: =L24-O24 -> -140282.67 | Q24: =O24 -> 247119.2 | R24: 140282.67 | S24: =R24+L24 -> 247119.2 | T24: 245619.58 | U24: =S24-T24 -> 1499.618 | V24: =ROUND(S24,1) -> 247119.2 | W24: =ROUND(T24,1) -> 245619.6 | X24: =V24-W24 -> 1499.6
A25: 17 | B25: Шемуршинский | C25: 11969 | F25: 1.2457429 | G25: 0.52806192 | H25: =G25/F25 -> 0.42389319 | J25: =$E$35*($I$35-H25)*F25*C25 -> 61381.333 | K25: =J25 -> 61381.333 | L25: 61239.842 | M25: 3035.3 | N25: 20804.8 | O25: =M25+N25 -> 23840.1 | P25: =L25-O25 -> 37399.742 | Q25: =O25 -> 23840.1 | R25: 0 | S25: =R25+L25 -> 61239.842 | T25: 25333.064 | U25: =S25-T25 -> 35906.778 | V25: =ROUND(S25,1) -> 61239.8 | W25: 25333.1 | X25: =V25-W25 -> 35906.7
A26: 18 | B26: Шумерлинский | C26: 8495 | F26: 1.5192756 | G26: 0.37172664 | H26: =G26/F26 -> 0.24467361 | J26: =$E$35*($I$35-H26)*F26*C26 -> 63406.857 | K26: =J26 -> 63406.857 | L26: 63260.697 | M26: 6987.5 | N26: 10720.8 | O26: =M26+N26 -> 17708.3 | P26: =L26-O26 -> 45552.397 | Q26: =O26 -> 17708.3 | R26: 0 | S26: =R26+L26 -> 63260.697 | T26: 13403.705 | U26: =S26-T26 -> 49856.992 | V26: =ROUND(S26,1) -> 63260.7 | W26: =ROUND(T26,1) -> 13403.7 | X26: =V26-W26 -> 49857
A27: 19 | B27: Ядринский | C27: 24672 | F27: 0.97894649 | G27: 0.75071774 | H27: =G27/F27 -> 0.76686289 | J27: =$E$35*($I$35-H27)*F27*C27 -> 62629.596 | K27: =J27 -> 62629.596 | L27: 62485.228 | M27: 4408.3 | N27: 89263.7 | O27: =M27+N27 -> 93672 | P27: =L27-O27 -> -31186.772 | Q27: =O27 -> 93672 | R27: 31186.772 | S27: =R27+L27 -> 93672 | T27: 84404.47 | U27: =S27-T27 -> 9267.5296 | V27: =ROUND(S27,1) -> 93672 | W27: =ROUND(T27,1) -> 84404.5 | X27: =V27-W27 -> 9267.5
A28: 20 | B28: Яльчикский | C28: 16293 | F28: 1.0800805 | G28: 0.53001578 | H28: =G28/F28 -> 0.49071877 | J28: =$E$35*($I$35-H28)*F28*C28 -> 67220.569 | K28: =J28 -> 67220.569 | L28: 67065.618 | M28: 1099.9 | N28: 37900.1 | O28: =M28+N28 -> 39000 | P28: =L28-O28 -> 28065.618 | Q28: =O28 -> 39000 | R28: 0 | S28: =R28+L28 -> 67065.618 | T28: 41549.98 | U28: =S28-T28 -> 25515.638 | V28: =ROUND(S28,1) -> 67065.6 | W28: =ROUND(T28,1) -> 41550 | X28: =V28-W28 -> 25515.6
A29: 21 | B29: Янтиковский | C29: 14069 | F29: 1.1386422 | G29: 0.53838567 | H29: =G29/F29 -> 0.4728313 | J29: =$E$35*($I$35-H29)*F29*C29 -> 62465.1 | K29: =J29 -> 62465.1 | L29: 62321.111 | M29: 3453.7 | N29: 26894.6 | O29: =M29+N29 -> 30348.3 | P29: =L29-O29 -> 31972.811 | Q29: =O29 -> 30348.3 | R29: 0 | S29: =R29+L29 -> 62321.111 | T29: 27884.716 | U29: =S29-T29 -> 34436.395 | V29: =ROUND(S29,1) -> 62321.1 | W29: =ROUND(T29,1) -> 27884.7 | X29: =V29-W29 -> 34436.4
A30: 22 | B30: г. Алатырь | C30: 34176 | F30: 1.0444778 | G30: 1.1430596 | H30: =G30/F30 -> 1.0943838 | J30: =$E$35*($I$35-H30)*F30*C30 -> 40625.244 | K30: =J30 -> 40625.244 | L30: 40531.598 | M30: 3933.9 | N30: 26516.2 | O30: =M30+N30 -> 30450.1 | P30: =L30-O30 -> 10081.498 | Q30: =O30 -> 30450.1 | R30: 0 | S30: =R30+L30 -> 40531.598 | T30: 30464.992 | U30: =S30-T30 -> 10066.605 | V30: =ROUND(S30,1) -> 40531.6 | W30: =ROUND(T30,1) -> 30465 | X30: =V30-W30 -> 10066.6
A31: 23 | B31: г. Канаш | C31: 45222 | F31: 0.95448458 | G31: 1.1641656 | H31: =G31/F31 -> 1.2196798 | J31: =$E$35*($I$35-H31)*F31*C31 -> 25098.235 | K31: =J31 -> 25098.235 | L31: 25040.38 | M31: 1799.4 | N31: 35928.8 | O31: =M31+N31 -> 37728.2 | P31: =L31-O31 -> -12687.82 | Q31: =O31 -> 37728.2 | R31: 12687.82 | S31: =R31+L31 -> 37728.2 | T31: 37728.2 | U31: =S31-T31 -> 0 | V31: =ROUND(S31,1) -> 37728.2 | W31: =ROUND(T31,1) -> 37728.2 | X31: =V31-W31 -> 0
A32: 24 | B32: г. Новочебоксарск | C32: 127099 | F32: 0.84522627 | G32: 0.83031725 | H32: =G32/F32 -> 0.9823609 | J32: =$E$35*($I$35-H32)*F32*C32 -> 175723.68 | K32: =J32 -> 175723.68 | L32: 175318.62 | M32: 15251.6 | N32: 81955.4 | O32: =M32+N32 -> 97207 | P32: =L32-O32 -> 78111.616 | Q32: =O32 -> 97207 | R32: 0 | S32: =R32+L32 -> 175318.62 | T32: 103966.02 | U32: =S32-T32 -> 71352.598 | V32: =ROUND(S32,1) -> 175318.6 | W32: =ROUND(T32,1) -> 103966 | X32: =V32-W32 -> 71352.6
A33: 25 | B33: г. Шумерля | C33: 28647 | F33: 0.99539617 | G33: 1.0756088 | H33: =G33/F33 -> 1.0805836 | J33: =$E$35*($I$35-H33)*F33*C33 -> 34200.854 | K33: =J33 -> 34200.854 | L33: 34122.017 | M33: 4596.7 | N33: 26135.4 | O33: =M33+N33 -> 30732.1 | P33: =L33-O33 -> 3389.9171 | Q33: =O33 -> 30732.1 | R33: 0 | S33: =R33+L33 -> 34122.017 | T33: 30169.049 | U33: =S33-T33 -> 3952.9676 | V33: =ROUND(S33,1) -> 34122 | W33: =ROUND(T33,1) -> 30169 | X33: =V33-W33 -> 3953
A34: 26 | B34: г. Чебоксары | C34: 505800 | F34: 1.1026468 | G34: 1.4071906 | H34: =G34/F34 -> 1.2761935 | J34: =$E$35*($I$35-H34)*F34*C34 -> 184274.23 | K34: =J34 -> 184274.23 | L34: 183849.46 | M34: 0 | N34: 642392.9 | O34: =M34+N34 -> 642392.9 | P34: =L34-O34 -> -458543.44 | Q34: =O34 -> 642392.9 | R34: 458543.44 | S34: =R34+L34 -> 642392.9 | T34: 642392.9 | U34: =S34-T34 -> 0 | V34: =ROUND(S34,1) -> 642392.9 | W34: =ROUND(T34,1) -> 642392.9 | X34: =V34-W34 -> 0
B35: ВСЕГО | C35: =SUM(C9:C34) -> 1223395 | D35: 5434869.9 | E35: =D35/C35 -> 4.442449 | F35: 1 | G35: 1 | H35: =SUM(H9:H34) -> 17.55739 | I35: 1.3505685 | J35: =SUM(J9:J34) -> 1998348.9 | K35: =SUM(K9:K34) -> 1998348.9 | L35: =SUM(L9:L34) -> 1993742.5 | M35: =SUM(M9:M34) -> 109033.5 | N35: =SUM(N9:N34) -> 2116134.2 | O35: =M35+N35 -> 2225167.7 | P35: =L35-O35 -> -231425.2 | Q35: =SUM(Q9:Q34) -> 2225167.7 | R35: 811460.1 | S35: =SUM(S9:S34) -> 2805202.6 | T35: =SUM(T9:T34) -> 2193919.2 | U35: =SUM(U9:U34) -> 611283.39 | V35: =SUM(V9:V34) -> 2805202.6 | W35: =SUM(W9:W34) -> 2193919.2 | X35: =V35-W35 -> 611283.4

Sheet БО Дотац 2021
C4: Расчет размера дотации на выравнивание бюджетной обеспеченности муниципальных районов (городских округов) на 2021 год
A6: № п/п | B6: Муниципальные районы городские округа | C6: Численность населения на 01.01.2019 Н | D6: Прогноз налоговых и неналоговых доходов, НД | E6: Прогноз налоговых и неналоговых доходов на 1 жит населения | F6: ИБР | G6: ИНП | H6: БОj (ИНПj /ИБРj) | I6: БО крит SUМБОj/26хК | J6: Расчет Дотации | M6: Утверждено в Законе на 2021 год | O6: ИТОГО | P6: Разница Дj от Закона | Q6: ДПj (сумма дотации, установленная в Законе на плановый период) | R6: SUM (ДПj - Дj) Сумма необходимая для доведения до уровня, установленного в Законе на 2021 год | S6: ДОТАЦИЯ на 2021 год Дj1 | T6: в том числе: | V6: Всего | W6: Дотация, заменяемая допнормативом от НДФЛ ОКРУГЛ | X6: Дотация на 2020 год (прогноз) Дj2 ОКРУГЛ
J7: Оj | K7: Объем средств, необходимый для доведения уровня бюджетной обеспеченности Оj | L7: Дотация Дj | M7: дотация на выравнивание на 2021 год | N7: дополнительный норматив | T7: Дотация, заменяемая допнормативом от НДФЛ | U7: Дотация на 2020 год (прогноз) Дj2
B8: 1 | C8: 2 | D8: 3 | E8: 4 | F8: 5 | G8: 6 | H8: 7=гр.6/гр.7 | I8: 8=SUМгр.7/26*k | J8: 9=гр.4*(гр.8-гр.7)*гр.5*гр.2 | K8: 10=гр.9 | L8: 11=Фонд*гр10/SUMгр.10 | M8: 12 | N8: 13 | O8: 14 | P8: 15=гр.12-гр.14 | Q8: 16 | R8: 17=гр.12-гр.14 | S8: 18=гр.11+гр.17 | T8: 19 | U8: 20 | V8: 21 | W8: 22 | X8: 23
A9: 1 | B9: Алатырский | C9: 14216 | F9: 1.0885846 | G9: 0.39485297 | H9: =G9/F9 -> 0.36272142 | J9: =$E$35*($I$35-H9)*F9*C9 -> 62757.983 | K9: =J9 -> 62757.983 | L9: 58248.326 | M9: 7876.5 | N9: 23536.3 | O9: =M9+N9 -> 31412.8 | P9: =L9-O9 -> 26835.526 | Q9: =O9 -> 31412.8 | R9: =IF(P9<0,-P9,0) -> 0 | S9: =R9+L9 -> 58248.326 | T9: 27303.183 | U9: =S9-T9 -> 30945.142 | V9: =W9+X9 -> 58248.3 | W9: =ROUND(T9,1) -> 27303.2 | X9: =ROUND(U9,1) -> 30945.1
A10: 2 | B10: Аликовский | C10: 15173 | F10: 1.1967231 | G10: 0.54614119 | H10: =G10/F10 -> 0.45636387 | J10: =$E$35*($I$35-H10)*F10*C10 -> 66656.374 | K10: =J10 -> 66656.374 | L10: 61866.586 | M10: 1187.1 | N10: 29644 | O10: =M10+N10 -> 30831.1 | P10: =L10-O10 -> 31035.486 | Q10: =O10 -> 30831.1 | R10: 0 | S10: =R10+L10 -> 61866.586 | T10: 32432.791 | U10: =S10-T10 -> 29433.796 | V10: =W10+X10 -> 61866.6 | W10: =ROUND(T10,1) -> 32432.8 | X10: =ROUND(U10,1) -> 29433.8
A11: 3 | B11: Батыревский | C11: 33419 | F11: 0.8499836 | G11: 0.47307007 | H11: =G11/F11 -> 0.55656376 | J11: =$E$35*($I$35-H11)*F11*C11 -> 92590.564 | K11: =J11 -> 92590.564 | L11: 85937.2 | M11: 2588.5 | N11: 63874.5 | O11: =M11+N11 -> 66463 | P11: =L11-O11 -> 19474.2 | Q11: =O11 -> 66463 | R11: 0 | S11: =R11+L11 -> 85937.2 | T11: 67645.458 | U11: =S11-T11 -> 18291.742 | V11: =W11+X11 -> 85937.3 | W11: =ROUND(T11,1) -> 67645.5 | X11: 18291.8
A12: 4 | B12: Вурнарский | C12: 31105 | F12: 0.91632614 | G12: 0.78858134 | H12: =G12/F12 -> 0.86059024 | J12: =$E$35*($I$35-H12)*F12*C12 -> 57331.951 | K12: =J12 -> 57331.951 | L12: 53212.197 | M12: 0 | N12: 126653 | O12: =M12+N12 -> 126653 | P12: =L12-O12 -> -73440.803 | Q12: =O12 -> 126653 | R12: 73440.803 | S12: =R12+L12 -> 126653 | T12: 126653.04 | U12: 0 | V12: =W12+X12 -> 126653 | W12: =ROUND(T12,1) -> 126653 | X12: =ROUND(U12,1) -> 0
A13: 5 | B13: Ибресинский | C13: 22893 | F13: 0.94975858 | G13: 0.47296078 | H13: =G13/F13 -> 0.49798 | J13: =$E$35*($I$35-H13)*F13*C13 -> 76101.82 | K13: =J13 -> 76101.82 | L13: 70633.302 | M13: 533.9 | N13: 47233.5 | O13: =M13+N13 -> 47767.4 | P13: =L13-O13 -> 22865.902 | Q13: =O13 -> 47767.4 | R13: 0 | S13: =R13+L13 -> 70633.302 | T13: 50574.738 | U13: =S13-T13 -> 20058.564 | V13: =W13+X13 -> 70633.3 | W13: =ROUND(T13,1) -> 50574.7 | X13: =ROUND(U13,1) -> 20058.6
A14: 6 | B14: Канашский | C14: 34528 | F14: 0.86842024 | G14: 0.33053844 | H14: =G14/F14 -> 0.38062038 | J14: =$E$35*($I$35-H14)*F14*C14 -> 119395.93 | K14: =J14 -> 119395.93 | L14: 110816.38 | M14: 25868.4 | N14: 48360.8 | O14: =M14+N14 -> 74229.2 | P14: =L14-O14 -> 36587.184 | Q14: =O14 -> 74229.2 | R14: 0 | S14: =R14+L14 -> 110816.38 | T14: 50896.152 | U14: =S14-T14 -> 59920.232 | V14: =W14+X14 -> 110816.4 | W14: =ROUND(T14,1) -> 50896.2 | X14: =ROUND(U14,1) -> 59920.2
A15: 7 | B15: Козловский | C15: 18445 | F15: 1.018304 | G15: 0.64918171 | H15: =G15/F15 -> 0.63751268 | J15: =$E$35*($I$35-H15)*F15*C15 -> 54981.84 | K15: =J15 -> 54981.84 | L15: 51030.96 | M15: 0 | N15: 62983.2 | O15: =M15+N15 -> 62983.2 | P15: =L15-O15 -> -11952.24 | Q15: =O15 -> 62983.2 | R15: 11952.24 | S15: =R15+L15 -> 62983.2 | T15: 62983.223 | U15: 0 | V15: =W15+X15 -> 62983.2 | W15: =ROUND(T15,1) -> 62983.2 | X15: =ROUND(U15,1) -> 0
A16: 8 | B16: Комсомольский | C16: 24567 | F16: 0.93845384 | G16: 0.42587159 | H16: =G16/F16 -> 0.45380132 | J16: =$E$35*($I$35-H16)*F16*C16 -> 84875.899 | K16: =J16 -> 84875.899 | L16: 78776.894 | M16: 0 | N16: 56010.9 | O16: =M16+N16 -> 56010.9 | P16: =L16-O16 -> 22765.994 | Q16: =O16 -> 56010.9 | R16: 0 | S16: =R16+L16 -> 78776.894 | T16: 59054.267 | U16: =S16-T16 -> 19722.627 | V16: =W16+X16 -> 78776.9 | W16: =ROUND(T16,1) -> 59054.3 | X16: =ROUND(U16,1) -> 19722.6
A17: 9 | B17: Красноармейский | C17: 13849 | F17: 1.2134224 | G17: 0.86954542 | H17: =G17/F17 -> 0.71660572 | J17: =$E$35*($I$35-H17)*F17*C17 -> 43735.472 | K17: =J17 -> 43735.472 | L17: 40592.732 | M17: 0 | N17: 65616.6 | O17: =M17+N17 -> 65616.6 | P17: =L17-O17 -> -25023.868 | Q17: =O17 -> 65616.6 | R17: 25023.868 | S17: =R17+L17 -> 65616.6 | T17: 65616.61 | U17: 0 | V17: =W17+X17 -> 65616.6 | W17: =ROUND(T17,1) -> 65616.6 | X17: =ROUND(U17,1) -> 0
A18: 10 | B18: Красночетайский | C18: 13568 | F18: 1.1904843 | G18: 0.51990693 | H18: =G18/F18 -> 0.43671884 | J18: =$E$35*($I$35-H18)*F18*C18 -> 60597.389 | K18: =J18 -> 60597.389 | L18: 56242.987 | M18: 0 | N18: 28992.7 | O18: =M18+N18 -> 28992.7 | P18: =L18-O18 -> 27250.287 | Q18: =O18 -> 28992.7 | R18: 0 | S18: =R18+L18 -> 56242.987 | T18: 30905.639 | U18: =S18-T18 -> 25337.348 | V18: =W18+X18 -> 56243 | W18: =ROUND(T18,1) -> 30905.6 | X18: 25337.4
A19: 11 | B19: Марпосадский | C19: 21562 | F19: 0.98640002 | G19: 0.51672814 | H19: =G19/F19 -> 0.52385252 | J19: =$E$35*($I$35-H19)*F19*C19 -> 72183.525 | K19: =J19 -> 72183.525 | L19: 66996.568 | M19: 0 | N19: 44994.3 | O19: =M19+N19 -> 44994.3 | P19: =L19-O19 -> 22002.268 | Q19: =O19 -> 44994.3 | R19: 0 | S19: =R19+L19 -> 66996.568 | T19: 47182.537 | U19: =S19-T19 -> 19814.03 | V19: =W19+X19 -> 66996.5 | W19: =ROUND(T19,1) -> 47182.5 | X19: =ROUND(U19,1) -> 19814
A20: 12 | B20: Моргаушский | C20: 32107 | F20: 0.93471518 | G20: 0.63847278 | H20: =G20/F20 -> 0.68306667 | J20: =$E$35*($I$35-H20)*F20*C20 -> 82237.731 | K20: =J20 -> 82237.731 | L20: 76328.299 | M20: 0 | N20: 94632.2 | O20: =M20+N20 -> 94632.2 | P20: =L20-O20 -> -18303.901 | Q20: =O20 -> 94632.2 | R20: 18303.901 | S20: =R20+L20 -> 94632.2 | T20: 94632.199 | U20: 0 | V20: =W20+X20 -> 94632.2 | W20: =ROUND(T20,1) -> 94632.2 | X20: =ROUND(U20,1) -> 0
A21: 13 | B21: Порецкий | C21: 11903 | F21: 1.2014026 | G21: 0.54818427 | H21: =G21/F21 -> 0.45628688 | J21: =$E$35*($I$35-H21)*F21*C21 -> 52499.958 | K21: =J21 -> 52499.958 | L21: 48727.421 | M21: 828.9 | N21: 35623.6 | O21: =M21+N21 -> 36452.5 | P21: =L21-O21 -> 12274.921 | Q21: =O21 -> 36452.5 | R21: 0 | S21: =R21+L21 -> 48727.421 | T21: 36899.881 | U21: =S21-T21 -> 11827.539 | V21: =W21+X21 -> 48727.4 | W21: =ROUND(T21,1) -> 36899.9 | X21: =ROUND(U21,1) -> 11827.5
A22: 14 | B22: Урмарский | C22: 22204 | F22: 0.96495941 | G22: 0.44989581 | H22: =G22/F22 -> 0.46623288 | J22: =$E$35*($I$35-H22)*F22*C22 -> 77785.209 | K22: =J22 -> 77785.209 | L22: 72195.726 | M22: 781.5 | N22: 44455.7 | O22: =M22+N22 -> 45237.2 | P22: =L22-O22 -> 26958.526 | Q22: =O22 -> 45237.2 | R22: 0 | S22: =R22+L22 -> 72195.726 | T22: 47881.874 | U22: =S22-T22 -> 24313.853 | V22: =W22+X22 -> 72195.8 | W22: =ROUND(T22,1) -> 47881.9 | X22: =ROUND(U22,1) -> 24313.9
A23: 15 | B23: Цивильский | C23: 35375 | F23: 0.84143995 | G23: 0.8196902 | H23: =G23/F23 -> 0.97415175 | J23: =$E$35*($I$35-H23)*F23*C23 -> 45996.856 | K23: =J23 -> 45996.856 | L23: 42691.618 | M23: 0 | N23: 150876.5 | O23: =M23+N23 -> 150876.5 | P23: =L23-O23 -> -108184.88 | Q23: =O23 -> 150876.5 | R23: 108184.88 | S23: =R23+L23 -> 150876.5 | T23: 150876.53 | U23: 0 | V23: =W23+X23 -> 150876.5 | W23: =ROUND(T23,1) -> 150876.5 | X23: =ROUND(U23,1) -> 0
A24: 16 | B24: Чебоксарский | C24: 62039 | F24: 0.75922033 | G24: 0.63865137 | H24: =G24/F24 -> 0.84119371 | J24: =$E$35*($I$35-H24)*F24*C24 -> 98493.982 | K24: =J24 -> 98493.982 | L24: 91416.41 | M24: 0 | N24: 251911 | O24: =M24+N24 -> 251911 | P24: =L24-O24 -> -160494.59 | Q24: =O24 -> 251911 | R24: 160494.59 | S24: =R24+L24 -> 251911 | T24: 251910.99 | U24: 0 | V24: =W24+X24 -> 251911 | W24: =ROUND(T24,1) -> 251911 | X24: =ROUND(U24,1) -> 0
A25: 17 | B25: Шемуршинский | C25: 11969 | F25: 1.2459215 | G25: 0.52672197 | H25: =G25/F25 -> 0.42275694 | J25: =$E$35*($I$35-H25)*F25*C25 -> 56799.954 | K25: =J25 -> 56799.954 | L25: 52718.428 | M25: 986.2 | N25: 22853.9 | O25: =M25+N25 -> 23840.1 | P25: =L25-O25 -> 28878.328 | Q25: =O25 -> 23840.1 | R25: 0 | S25: =R25+L25 -> 52718.428 | T25: 26170.218 | U25: =S25-T25 -> 26548.209 | V25: =W25+X25 -> 52718.4 | W25: =ROUND(T25,1) -> 26170.2 | X25: =ROUND(U25,1) -> 26548.2
A26: 18 | B26: Шумерлинский | C26: 8495 | F26: 1.520452 | G26: 0.39020517 | H26: =G26/F26 -> 0.25663762 | J26: =$E$35*($I$35-H26)*F26*C26 -> 58005.024 | K26: =J26 -> 58005.024 | L26: 53836.904 | M26: 10943.4 | N26: 13281.9 | O26: =M26+N26 -> 24225.3 | P26: =L26-O26 -> 29611.604 | Q26: =O26 -> 24225.3 | R26: 0 | S26: =R26+L26 -> 53836.904 | T26: 14361.216 | U26: =S26-T26 -> 39475.688 | V26: =W26+X26 -> 53836.9 | W26: =ROUND(T26,1) -> 14361.2 | X26: =ROUND(U26,1) -> 39475.7
A27: 19 | B27: Ядринский | C27: 24672 | F27: 0.97960752 | G27: 0.69967087 | H27: =G27/F27 -> 0.71423591 | J27: =$E$35*($I$35-H27)*F27*C27 -> 63136.466 | K27: =J27 -> 63136.466 | L27: 58599.611 | M27: 4875.6 | N27: 88796.4 | O27: =M27+N27 -> 93672 | P27: =L27-O27 -> -35072.389 | Q27: =O27 -> 93672 | R27: 35072.389 | S27: =R27+L27 -> 93672 | T27: 86047.572 | U27: =S27-T27 -> 7624.4276 | V27: =W27+X27 -> 93672 | W27: =ROUND(T27,1) -> 86047.6 | X27: =ROUND(U27,1) -> 7624.4
A28: 20 | B28: Яльчикский | C28: 16293 | F28: 1.0797687 | G28: 0.51826848 | H28: =G28/F28 -> 0.479981 | J28: =$E$35*($I$35-H28)*F28*C28 -> 62875.85 | K28: =J28 -> 62875.85 | L28: 58357.723 | M28: 0 | N28: 39795.1 | O28: =M28+N28 -> 39795.1 | P28: =L28-O28 -> 18562.623 | Q28: =O28 -> 39795.1 | R28: 0 | S28: =R28+L28 -> 58357.723 | T28: 42816.63 | U28: =S28-T28 -> 15541.093 | V28: =W28+X28 -> 58357.7 | W28: =ROUND(T28,1) -> 42816.6 | X28: =ROUND(U28,1) -> 15541.1
A29: 21 | B29: Янтиковский | C29: 14069 | F29: 1.1380578 | G29: 0.49734051 | H29: =G29/F29 -> 0.43700813 | J29: =$E$35*($I$35-H29)*F29*C29 -> 60048.814 | K29: =J29 -> 60048.814 | L29: 55733.832 | M29: 2109 | N29: 28239.3 | O29: =M29+N29 -> 30348.3 | P29: =L29-O29 -> 25385.532 | Q29: =O29 -> 30348.3 | R29: 0 | S29: =R29+L29 -> 55733.832 | T29: 28972.221 | U29: =S29-T29 -> 26761.611 | V29: =W29+X29 -> 55733.8 | W29: =ROUND(T29,1) -> 28972.2 | X29: =ROUND(U29,1) -> 26761.6
A30: 22 | B30: г. Алатырь | C30: 34176 | F30: 1.042927 | G30: 1.1618735 | H30: =G30/F30 -> 1.1140506 | J30: =$E$35*($I$35-H30)*F30*C30 -> 34608.174 | K30: =J30 -> 34608.174 | L30: 32121.303 | M30: 0 | N30: 31354.6 | O30: =M30+N30 -> 31354.6 | P30: =L30-O30 -> 766.70257 | Q30: =O30 -> 31354.6 | R30: 0 | S30: =R30+L30 -> 32121.303 | T30: 31653.127 | U30: =S30-T30 -> 468.17545 | V30: =W30+X30 -> 32121.3 | W30: =ROUND(T30,1) -> 31653.1 | X30: =ROUND(U30,1) -> 468.2
A31: 23 | B31: г. Канаш | C31: 45222 | F31: 0.95502697 | G31: 1.1102356 | H31: =G31/F31 -> 1.1625175 | J31: =$E$35*($I$35-H31)*F31*C31 -> 33341.15 | K31: =J31 -> 33341.15 | L31: 30945.325 | M31: 0 | N31: 39125.3 | O31: =M31+N31 -> 39125.3 | P31: =L31-O31 -> -8179.9753 | Q31: =O31 -> 39125.3 | R31: 8179.9753 | S31: =R31+L31 -> 39125.3 | T31: 39125.299 | U31: 0 | V31: =W31+X31 -> 39125.3 | W31: =ROUND(T31,1) -> 39125.3 | X31: =ROUND(U31,1) -> 0
A32: 24 | B32: г. Новочебоксарск | C32: 127099 | F32: 0.84263621 | G32: 0.81944752 | H32: =G32/F32 -> 0.97248077 | J32: =$E$35*($I$35-H32)*F32*C32 -> 166231.93 | K32: =J32 -> 166231.93 | L32: 154286.85 | M32: 9658.5 | N32: 87548.4 | O32: =M32+N32 -> 97206.9 | P32: =L32-O32 -> 57079.955 | Q32: =O32 -> 97206.9 | R32: 0 | S32: =R32+L32 -> 154286.85 | T32: 111340.06 | U32: =S32-T32 -> 42946.791 | V32: =W32+X32 -> 154286.9 | W32: =ROUND(T32,1) -> 111340.1 | X32: =ROUND(U32,1) -> 42946.8
A33: 25 | B33: г. Шумерля | C33: 28647 | F33: 0.99396004 | G33: 1.0945662 | H33: =G33/F33 -> 1.1012175 | J33: =$E$35*($I$35-H33)*F33*C33 -> 29147.333 | K33: =J33 -> 29147.333 | L33: 27052.866 | M33: 0 | N33: 30954.8 | O33: =M33+N33 -> 30954.8 | P33: =L33-O33 -> -3901.9337 | Q33: =O33 -> 30954.8 | R33: 3901.9337 | S33: =R33+L33 -> 30954.8 | T33: 30954.798 | U33: =S33-T33 -> 0.002 | V33: =W33+X33 -> 30954.8 | W33: =ROUND(T33,1) -> 30954.8 | X33: =ROUND(U33,1) -> 0
A34: 26 | B34: г. Чебоксары | C34: 505800 | F34: 1.1031294 | G34: 1.425198 | H34: =G34/F34 -> 1.291959 | J34: =$E$35*($I$35-H34)*F34*C34 -> 134249.54 | K34: =J34 -> 134249.54 | L34: 124602.65 | M34: 0 | N34: 664592 | O34: =M34+N34 -> 664592 | P34: =L34-O34 -> -539989.35 | Q34: =O34 -> 664592 | R34: 539989.35 | S34: =R34+L34 -> 664592 | T34: 664592 | U34: 0 | V34: =W34+X34 -> 664592 | W34: =ROUND(T34,1) -> 664592 | X34: =ROUND(U34,1) -> 0
B35: ВСЕГО | C35: =SUM(C9:C34) -> 1223395 | D35: 5022342.8 | E35: =D35/C35 -> 4.1052504 | F35: 1 | G35: 1 | H35: =SUM(H9:H34) -> 17.257108 | I35: 1.3505685 | J35: =SUM(J9:J34) -> 1846666.7 | K35: =SUM(K9:K34) -> 1846666.7 | L35: 1713969.1 | M35: =SUM(M9:M34) -> 68237.5 | N35: =SUM(N9:N34) -> 2221940.5 | O35: =M35+N35 -> 2290178 | P35: =L35-O35 -> -576208.9 | Q35: =SUM(Q9:Q34) -> 2290178 | R35: 984543.94 | S35: =SUM(S9:S34) -> 2698513 | T35: =SUM(T9:T34) -> 2279482.3 | U35: =SUM(U9:U34) -> 419030.87 | V35: =W35+X35 -> 2698513.1 | W35: =SUM(W9:W34) -> 2279482.2 | X35: =SUM(X9:X34) -> 419030.9
B36: Нераспределенный резерв | L36: 104757.7 | S36: =T36+U36 -> 104757.72 | U36: 104757.72 | V36: =W36+X36 -> 104757.7 | X36: 104757.7
B37: ИТОГО | L37: 1818726.8 | S37: =SUM(T37:U37) -> 2803270.9 | T37: =SUM(T35:T36) -> 2279482.3 | U37: =SUM(U35:U36) -> 523788.59 | V37: =W37+X37 -> 2803270.8 | W37: =SUM(W35:W36) -> 2279482.2 | X37: =X35+X36 -> 523788.6

Sheet БО Дотац 2022
C4: Расчет размера дотации на выравнивание бюджетной обеспеченности муниципальных районов (городских округов) на 2022 год
A6: № п/п | B6: Муниципальные районы городские округа | C6: Численность населения на 01.01.2019 Н | D6: Прогноз налоговых и неналоговых доходов, НД | E6: Прогноз налоговых и неналоговых доходов на 1 жит населения | F6: ИБР | G6: ИНП | H6: БОj (ИНПj /ИБРj) | I6: БО крит SUМБОj/26хК | J6: Расчет Дотации | M6: Утверждено в Законе на 2021 год | O6: ИТОГО | P6: Разница Дj от Закона | Q6: ДПj (сумма дотации, установленная в Законе на плановый период) | R6: ДОТАЦИЯ на 2022 год Дj1 | S6: в том числе: | U6: Дотация, заменяемая допнормативом от НДФЛ ОКРУГЛ | V6: Дотация на 2022 год (прогноз) Дj2 ОКРУГЛ
J7: Оj | K7: Объем средств, необходимый для доведения уровня бюджетной обеспеченности Оj | L7: Дотация Дj | M7: дотация на выравнивание | N7: дополнительный норматив | S7: Дотация, заменяемая допнормативом от НДФЛ | T7: Дотация на 2021 год (прогноз) Дj2
B8: 1 | C8: 2 | D8: 3 | E8: 4 | F8: 5 | G8: 6 | H8: 7=гр.6/гр.7 | I8: 8=SUМгр.7/26*k | J8: 9=гр.4*(гр.8-гр.7)*гр.5*гр.2 | K8: 10=гр.9 | L8: 11=Фонд*гр10/SUMгр.10 | M8: 12 | N8: 13 | O8: 14 | P8: 15=гр.11-гр.14 | Q8: 16 | R8: 17 | S8: 18 | T8: 19 | U8: 20 | V8: 21
A9: 1 | B9: Алатырский | C9: 14216 | F9: 1.0885846 | G9: 0.4062507 | H9: =G9/F9 -> 0.37319165 | J9: =$E$35*($I$35-H9)*F9*C9 -> 61326.499 | K9: =J9 -> 61326.499 | L9: 54580.33 | M9: 7876.5 | N9: 23536.3 | O9: =M9+N9 -> 31412.8 | P9: =L9-O9 -> 23167.53 | Q9: =O9 -> 31412.8 | R9: 54580.33 | S9: 26376.177 | T9: =R9-S9 -> 28204.153 | U9: =ROUND(S9,1) -> 26376.2 | V9: 28204.1
A10: 2 | B10: Аликовский | C10: 15173 | F10: 1.1967231 | G10: 0.561436 | H10: =G10/F10 -> 0.46914445 | J10: =$E$35*($I$35-H10)*F10*C10 -> 64892.803 | K10: =J10 -> 64892.803 | L10: 57754.326 | M10: 1187.1 | N10: 29644 | O10: =M10+N10 -> 30831.1 | P10: =L10-O10 -> 26923.226 | Q10: =O10 -> 30831.1 | R10: 57754.326 | S10: 31200.903 | T10: =R10-S10 -> 26553.423 | U10: =ROUND(S10,1) -> 31200.9 | V10: =ROUND(T10,1) -> 26553.4
A11: 3 | B11: Батыревский | C11: 33419 | F11: 0.8499836 | G11: 0.45719819 | H11: =G11/F11 -> 0.5378906 | J11: =$E$35*($I$35-H11)*F11*C11 -> 93598.513 | K11: =J11 -> 93598.513 | L11: 83302.288 | M11: 2588.5 | N11: 63874.5 | O11: =M11+N11 -> 66463 | P11: =L11-O11 -> 16839.288 | Q11: =O11 -> 66463 | R11: 83302.288 | S11: 70418.92 | T11: =R11-S11 -> 12883.368 | U11: =ROUND(S11,1) -> 70418.9 | V11: =ROUND(T11,1) -> 12883.4
A12: 4 | B12: Вурнарский | C12: 31105 | F12: 0.91632614 | G12: 0.79075307 | H12: =G12/F12 -> 0.86296029 | J12: =$E$35*($I$35-H12)*F12*C12 -> 56350.502 | K12: =J12 -> 56350.502 | L12: 50151.713 | M12: 0 | N12: 126653 | O12: =M12+N12 -> 126653 | P12: =L12-O12 -> -76501.287 | Q12: =O12 -> 126653 | R12: 126653 | S12: 136682.81 | T12: 0 | U12: =ROUND(S12,1) -> 136682.8 | V12: =ROUND(T12,1) -> 0
A13: 5 | B13: Ибресинский | C13: 22893 | F13: 0.94975858 | G13: 0.46397337 | H13: =G13/F13 -> 0.48851716 | J13: =$E$35*($I$35-H13)*F13*C13 -> 75996.846 | K13: =J13 -> 75996.846 | L13: 67636.878 | M13: 533.9 | N13: 47233.5 | O13: =M13+N13 -> 47767.4 | P13: =L13-O13 -> 19869.478 | Q13: =O13 -> 47767.4 | R13: 67636.878 | S13: 50086.67 | T13: =R13-S13 -> 17550.208 | U13: =ROUND(S13,1) -> 50086.7 | V13: =ROUND(T13,1) -> 17550.2
A14: 6 | B14: Канашский | C14: 34528 | F14: 0.86842024 | G14: 0.33562819 | H14: =G14/F14 -> 0.38648131 | J14: =$E$35*($I$35-H14)*F14*C14 -> 117209.87 | K14: =J14 -> 117209.87 | L14: 104316.3 | M14: 25868.4 | N14: 48360.8 | O14: =M14+N14 -> 74229.2 | P14: =L14-O14 -> 30087.096 | Q14: =O14 -> 74229.2 | R14: 104316.3 | S14: 51958.241 | T14: =R14-S14 -> 52358.055 | U14: =ROUND(S14,1) -> 51958.2 | V14: =ROUND(T14,1) -> 52358.1
A15: 7 | B15: Козловский | C15: 18445 | F15: 1.018304 | G15: 0.64744139 | H15: =G15/F15 -> 0.63580365 | J15: =$E$35*($I$35-H15)*F15*C15 -> 54433.441 | K15: =J15 -> 54433.441 | L15: 48445.537 | M15: 0 | N15: 62983.2 | O15: =M15+N15 -> 62983.2 | P15: =L15-O15 -> -14537.663 | Q15: =O15 -> 62983.2 | R15: 62983.2 | S15: 67278.654 | T15: 0 | U15: =ROUND(S15,1) -> 67278.7 | V15: =ROUND(T15,1) -> 0
A16: 8 | B16: Комсомольский | C16: 24567 | F16: 0.93845384 | G16: 0.40095383 | H16: =G16/F16 -> 0.42724939 | J16: =$E$35*($I$35-H16)*F16*C16 -> 86310.448 | K16: =J16 -> 86310.448 | L16: 76815.941 | M16: 0 | N16: 56010.9 | O16: =M16+N16 -> 56010.9 | P16: =L16-O16 -> 20805.041 | Q16: =O16 -> 56010.9 | R16: 76815.941 | S16: 61475.492 | T16: =R16-S16 -> 15340.45 | U16: =ROUND(S16,1) -> 61475.5 | V16: 15340.4
A17: 9 | B17: Красноармейский | C17: 13849 | F17: 1.2134224 | G17: 0.89487653 | H17: =G17/F17 -> 0.73748147 | J17: =$E$35*($I$35-H17)*F17*C17 -> 41773.325 | K17: =J17 -> 41773.325 | L17: 37178.086 | M17: 0 | N17: 65616.6 | O17: =M17+N17 -> 65616.6 | P17: =L17-O17 -> -28438.514 | Q17: =O17 -> 65616.6 | R17: 65616.6 | S17: 68776.131 | T17: 0 | U17: =ROUND(S17,1) -> 68776.1 | V17: =ROUND(T17,1) -> 0
A18: 10 | B18: Красночетайский | C18: 13568 | F18: 1.1904843 | G18: 0.53057349 | H18: =G18/F18 -> 0.44567869 | J18: =$E$35*($I$35-H18)*F18*C18 -> 59262.738 | K18: =J18 -> 59262.738 | L18: 52743.592 | M18: 0 | N18: 28992.7 | O18: =M18+N18 -> 28992.7 | P18: =L18-O18 -> 23750.892 | Q18: =O18 -> 28992.7 | R18: 52743.592 | S18: 30123.464 | T18: =R18-S18 -> 22620.127 | U18: =ROUND(S18,1) -> 30123.5 | V18: =ROUND(T18,1) -> 22620.1
A19: 11 | B19: Марпосадский | C19: 21562 | F19: 0.98640002 | G19: 0.52586294 | H19: =G19/F19 -> 0.53311327 | J19: =$E$35*($I$35-H19)*F19*C19 -> 70494.071 | K19: =J19 -> 70494.071 | L19: 62739.431 | M19: 0 | N19: 44994.3 | O19: =M19+N19 -> 44994.3 | P19: =L19-O19 -> 17745.131 | Q19: =O19 -> 44994.3 | R19: 62739.431 | S19: 48604.694 | T19: =R19-S19 -> 14134.737 | U19: =ROUND(S19,1) -> 48604.7 | V19: =ROUND(T19,1) -> 14134.7
A20: 12 | B20: Моргаушский | C20: 32107 | F20: 0.93471518 | G20: 0.6442062 | H20: =G20/F20 -> 0.68920054 | J20: =$E$35*($I$35-H20)*F20*C20 -> 80476.424 | K20: =J20 -> 80476.424 | L20: 71623.684 | M20: 0 | N20: 94632.2 | O20: =M20+N20 -> 94632.2 | P20: =L20-O20 -> -23008.516 | Q20: =O20 -> 94632.2 | R20: 94632.2 | S20: 103005.88 | T20: 0 | U20: =ROUND(S20,1) -> 103005.9 | V20: =ROUND(T20,1) -> 0
A21: 13 | B21: Порецкий | C21: 11903 | F21: 1.2014026 | G21: 0.55205104 | H21: =G21/F21 -> 0.45950544 | J21: =$E$35*($I$35-H21)*F21*C21 -> 51665.419 | K21: =J21 -> 51665.419 | L21: 45982.009 | M21: 828.9 | N21: 35623.6 | O21: =M21+N21 -> 36452.5 | P21: =L21-O21 -> 9529.5088 | Q21: =O21 -> 36452.5 | R21: 45982.009 | S21: 37315.219 | T21: =R21-S21 -> 8666.7898 | U21: =ROUND(S21,1) -> 37315.2 | V21: =ROUND(T21,1) -> 8666.8
A22: 14 | B22: Урмарский | C22: 22204 | F22: 0.96495941 | G22: 0.45285459 | H22: =G22/F22 -> 0.46929911 | J22: =$E$35*($I$35-H22)*F22*C22 -> 76558.859 | K22: =J22 -> 76558.859 | L22: 68137.068 | M22: 781.5 | N22: 44455.7 | O22: =M22+N22 -> 45237.2 | P22: =L22-O22 -> 22899.868 | Q22: =O22 -> 45237.2 | R22: 68137.068 | S22: 46771.071 | T22: =R22-S22 -> 21365.996 | U22: =ROUND(S22,1) -> 46771.1 | V22: =ROUND(T22,1) -> 21366
A23: 15 | B23: Цивильский | C23: 35375 | F23: 0.84143995 | G23: 0.838006 | H23: =G23/F23 -> 0.99591896 | J23: =$E$35*($I$35-H23)*F23*C23 -> 42802.137 | K23: =J23 -> 42802.137 | L23: 38093.725 | M23: 0 | N23: 150876.5 | O23: =M23+N23 -> 150876.5 | P23: =L23-O23 -> -112782.78 | Q23: =O23 -> 150876.5 | R23: 150876.5 | S23: 165793.28 | T23: 0 | U23: =ROUND(S23,1) -> 165793.3 | V23: =ROUND(T23,1) -> 0
A24: 16 | B24: Чебоксарский | C24: 62039 | F24: 0.75922033 | G24: 0.64438758 | H24: =G24/F24 -> 0.84874911 | J24: =$E$35*($I$35-H24)*F24*C24 -> 95835.53 | K24: =J24 -> 95835.53 | L24: 85293.225 | M24: 0 | N24: 251911 | O24: =M24+N24 -> 251911 | P24: =L24-O24 -> -166617.78 | Q24: =O24 -> 251911 | R24: 251911 | S24: 265661.89 | T24: 0 | U24: =ROUND(S24,1) -> 265661.9 | V24: =ROUND(T24,1) -> 0
A25: 17 | B25: Шемуршинский | C25: 11969 | F25: 1.2459215 | G25: 0.52767193 | H25: =G25/F25 -> 0.42351939 | J25: =$E$35*($I$35-H25)*F25*C25 -> 56052.863 | K25: =J25 -> 56052.863 | L25: 49886.816 | M25: 986.2 | N25: 22853.9 | O25: =M25+N25 -> 23840.1 | P25: =L25-O25 -> 26046.716 | Q25: =O25 -> 23840.1 | R25: 49886.816 | S25: 24681.565 | T25: =R25-S25 -> 25205.251 | U25: =ROUND(S25,1) -> 24681.6 | V25: =ROUND(T25,1) -> 25205.3
A26: 18 | B26: Шумерлинский | C26: 8495 | F26: 1.520452 | G26: 0.41714681 | H26: =G26/F26 -> 0.27435712 | J26: =$E$35*($I$35-H26)*F26*C26 -> 56361.192 | K26: =J26 -> 56361.192 | L26: 50161.227 | M26: 10943.4 | N26: 13281.9 | O26: =M26+N26 -> 24225.3 | P26: =L26-O26 -> 25935.927 | Q26: =O26 -> 24225.3 | R26: 50161.227 | S26: 12900.512 | T26: =R26-S26 -> 37260.715 | U26: =ROUND(S26,1) -> 12900.5 | V26: =ROUND(T26,1) -> 37260.7
A27: 19 | B27: Ядринский | C27: 24672 | F27: 0.97960752 | G27: 0.69035601 | H27: =G27/F27 -> 0.70472714 | J27: =$E$35*($I$35-H27)*F27*C27 -> 63289.085 | K27: =J27 -> 63289.085 | L27: 56327.023 | M27: 4875.6 | N27: 88796.4 | O27: =M27+N27 -> 93672 | P27: =L27-O27 -> -37344.977 | Q27: =O27 -> 93672 | R27: 93672 | S27: 88038.543 | T27: =R27-S27 -> 5633.4575 | U27: =ROUND(S27,1) -> 88038.5 | V27: =ROUND(T27,1) -> 5633.5
A28: 20 | B28: Яльчикский | C28: 16293 | F28: 1.0797687 | G28: 0.51342331 | H28: =G28/F28 -> 0.47549378 | J28: =$E$35*($I$35-H28)*F28*C28 -> 62419.954 | K28: =J28 -> 62419.954 | L28: 55553.501 | M28: 0 | N28: 39795.1 | O28: =M28+N28 -> 39795.1 | P28: =L28-O28 -> 15758.401 | Q28: =O28 -> 39795.1 | R28: 55553.501 | S28: 41981.071 | T28: =R28-S28 -> 13572.429 | U28: =ROUND(S28,1) -> 41981.1 | V28: =ROUND(T28,1) -> 13572.4
A29: 21 | B29: Янтиковский | C29: 14069 | F29: 1.1380578 | G29: 0.49403989 | H29: =G29/F29 -> 0.43410791 | J29: =$E$35*($I$35-H29)*F29*C29 -> 59496.01 | K29: =J29 -> 59496.01 | L29: 52951.202 | M29: 2109 | N29: 28239.3 | O29: =M29+N29 -> 30348.3 | P29: =L29-O29 -> 22602.902 | Q29: =O29 -> 30348.3 | R29: 52951.202 | S29: 30160.081 | T29: =R29-S29 -> 22791.121 | U29: =ROUND(S29,1) -> 30160.1 | V29: =ROUND(T29,1) -> 22791.1
A30: 22 | B30: г. Алатырь | C30: 34176 | F30: 1.042927 | G30: 1.1621445 | H30: =G30/F30 -> 1.1143105 | J30: =$E$35*($I$35-H30)*F30*C30 -> 34143.513 | K30: =J30 -> 34143.513 | L30: 30387.585 | M30: 0 | N30: 31354.6 | O30: =M30+N30 -> 31354.6 | P30: =L30-O30 -> -967.01522 | Q30: =O30 -> 31354.6 | R30: 31354.6 | S30: 32950.905 | T30: 0 | U30: =ROUND(S30,1) -> 32950.9 | V30: =ROUND(T30,1) -> 0
A31: 23 | B31: г. Канаш | C31: 45222 | F31: 0.95502697 | G31: 1.0875562 | H31: =G31/F31 -> 1.1387701 | J31: =$E$35*($I$35-H31)*F31*C31 -> 37088.092 | K31: =J31 -> 37088.092 | L31: 33008.248 | M31: 0 | N31: 39125.3 | O31: =M31+N31 -> 39125.3 | P31: =L31-O31 -> -6117.052 | Q31: =O31 -> 39125.3 | R31: 39125.3 | S31: 40924.621 | T31: 0 | U31: =ROUND(S31,1) -> 40924.6 | V31: =ROUND(T31,1) -> 0
A32: 24 | B32: г. Новочебоксарск | C32: 127099 | F32: 0.84263621 | G32: 0.81664817 | H32: =G32/F32 -> 0.96915865 | J32: =$E$35*($I$35-H32)*F32*C32 -> 165623 | K32: =J32 -> 165623 | L32: 147403.78 | M32: 9658.5 | N32: 87548.4 | O32: =M32+N32 -> 97206.9 | P32: =L32-O32 -> 50196.883 | Q32: =O32 -> 97206.9 | R32: 147403.78 | S32: 94416.176 | T32: =R32-S32 -> 52987.608 | U32: =ROUND(S32,1) -> 94416.2 | V32: =ROUND(T32,1) -> 52987.6
A33: 25 | B33: г. Шумерля | C33: 28647 | F33: 0.99396004 | G33: 1.0925941 | H33: =G33/F33 -> 1.0992334 | J33: =$E$35*($I$35-H33)*F33*C33 -> 29016.679 | K33: =J33 -> 29016.679 | L33: 25824.724 | M33: 0 | N33: 30954.8 | O33: =M33+N33 -> 30954.8 | P33: =L33-O33 -> -5130.0755 | Q33: =O33 -> 30954.8 | R33: 30954.8 | S33: 32630.814 | T33: 0 | U33: =ROUND(S33,1) -> 32630.8 | V33: =ROUND(T33,1) -> 0
A34: 26 | B34: г. Чебоксары | C34: 505800 | F34: 1.1031294 | G34: 1.4257803 | H34: =G34/F34 -> 1.2924869 | J34: =$E$35*($I$35-H34)*F34*C34 -> 131398.5 | K34: =J34 -> 131398.5 | L34: 116944.12 | M34: 0 | N34: 664592 | O34: =M34+N34 -> 664592 | P34: =L34-O34 -> -547647.88 | Q34: =O34 -> 664592 | R34: 664592 | S34: 712727.05 | T34: 0 | U34: =ROUND(S34,1) -> 712727 | V34: =ROUND(T34,1) -> 0
B35: ВСЕГО | C35: =SUM(C9:C34) -> 1223395 | D35: 4960360.2 | E35: =D35/C35 -> 4.054586 | F35: 1 | G35: 1 | H35: =SUM(H9:H34) -> 17.28635 | I35: 1.3505685 | J35: =SUM(J9:J34) -> 1823876.3 | K35: =SUM(K9:K34) -> 1823876.3 | L35: 1623242.4 | M35: =SUM(M9:M34) -> 68237.5 | N35: =SUM(N9:N34) -> 2221940.5 | O35: =M35+N35 -> 2290178 | P35: =L35-O35 -> -666935.64 | Q35: =SUM(Q8:Q34) -> 2290194 | R35: 2642335.9 | S35: =SUM(S9:S34) -> 2372940.8 | T35: =SUM(T9:T34) -> 377127.89 | U35: =SUM(U9:U34) -> 2372940.9 | V35: =SUM(V9:V34) -> 377127.8
B36: Нераспределенный резерв | L36: 94281.9 | R36: 94281.9 | T36: 94281.9 | V36: 94281.9
B37: ИТОГО | L37: 1717524.3 | R37: =SUM(S37:T37) -> 2844350.6 | S37: =SUM(S35:S36) -> 2372940.8 | T37: =SUM(T35:T36) -> 471409.79 | V37: =SUM(V35:V36) -> 471409.7
